 Dungeon Crawl Stone Soup version 0.31-a0-177-g4aa6249778 (webtiles) character file.

Game seed: 9292551129987767288

589477 qw the Slayer (level 26, -6/189 HPs)
             Began as a Gargoyle Fighter on June 18, 2023.
             Was the Champion of the Shining One.
             Shot with an arrow by a deep elf archer (14 damage)
             ... created by the fury of Okawaru
             ... on level 1 of the Tomb of the Ancients.
             The game lasted 00:43:31 (68904 turns).

qw the Slayer (Gargoyle Fighter)                   Turns: 68904, Time: 00:43:31

Health: -6/189     AC: 66    Str: 33    XL:     26   Next: 95%
Magic:  24/34      EV: 20    Int: 11    God:    the Shining One [******]
Gold:   4768       SH: 21    Dex:  9    Spells: 25/25 levels left

rFire   + . .        I - +9 broad axe (holy)
rCold   + + +        N - +0 tower shield
rNeg    + + +        u - +11 gold dragon scales
rPois   inf          E - +1 hat of Quiet Fog {Will- Regen+ SInv}
rElec   +            D - +3 cloak of Perpetual Drought {rCorr}
rCorr   +            b - +5 pair of gloves of Ymonliuc {Str+3 Slay+2}
SInv    +            t - +2 pair of boots
Will    +....        s - amulet of faith Stlth
                     q - ring of False Pretenses {rElec rC+ EV+5}
HPRegen 1.31/turn    G - +5 ring of evasion
MPRegen 0.24/turn

%: faith
@: about to teleport, flying, glowing
A: sickness immunity, AC +20, big wings, negative energy resistance 1,
electricity resistance, torment resistance 1, petrification resistance, beak,
cold resistance 1, deformed body, strong-willed 1, sturdy frame 1
}: 4/15 runes: barnacled, slimy, silver, gossamer
a: Renounce Religion, Divine Shield, Cleansing Flame, Summon Divine Warrior


You were on level 1 of the Tomb of the Ancients.
You worshipped the Shining One.
The Shining One was exalted by your worship.
You visited 12 branches of the dungeon, and saw 53 of its levels.
You visited the Abyss 1 time.
You also visited: Gauntlet.

You collected 9002 gold pieces.
You spent 4234 gold pieces at shops.


Innate Abilities, Weirdness & Mutations

You are immune to sickness and miasma.
Your stone body is resilient. (AC +20)
You are immune to poison.
Your large and strong wings let you fly.
You resist negative energy. (rN+)
You are resistant to electric shocks. (rElec)
You are resistant to unholy torment.
You are immune to petrification.
You have a beak for a mouth.
Your flesh is cold resistant. (rC+)
Armour fits poorly on your strangely shaped body.
You are strong-willed. (Will+)
Your movements are slightly less encumbered by armour. (ER -2)


   Skills:
 - Level 25.8 Fighting
 - Level 18.0 Axes
 - Level 15.0 Throwing
 - Level 22.0 Armour
 - Level 7.0 Dodging
 - Level 22.0 Shields
 + Level 15.6 Invocations


You had 25 spell levels left.
You didn't know any spells.
Your spell library was empty.

Inventory:

Hand Weapons
 I - a +9 broad axe of holy wrath (weapon)
Missiles
 H - 55 boomerangs (quivered)
Armour
 b - the +5 pair of gloves of Ymonliuc (worn) {Str+3 Slay+2}
   (Okawaru gifted it to you on level 1 of the Pits of Slime)

   Str:       It affects your strength (+3).
   Slay:      It affects your accuracy & damage with ranged weapons and melee
   (+2).
 t - a +2 pair of boots (worn)
 u - +11 gold dragon scales (worn)
 D - the +3 cloak of Perpetual Drought (worn) {rCorr}
   (You took it off a white draconian on level 3 of the Realm of Zot)

   rCorr:     It protects you from acid and corrosion.
 E - the +1 hat of Quiet Fog (worn) {Will- Regen+ SInv}
   (You found it in a Gauntlet)

   SInv:      It lets you see invisible.
   Regen:     It increases your rate of health regeneration.
   Will:      It decreases your willpower.
 N - a +0 tower shield (worn)
Jewellery
 p - the amulet "Esit Tagh" {RegenMP rF+}
   (You bought it in a shop on level 1 of the Shoals)

   [amulet of magic regeneration]

   It increases your rate of magic regeneration.
   rF:        It protects you from fire.
 q - the ring of False Pretenses (left hand) {rElec rC+ EV+5}
   (You found it on level 5 of the Pits of Slime)

   [ring of evasion]

   EV:        It affects your evasion (+5).
   rC:        It protects you from cold.
   rElec:     It insulates you from electricity.
 s - an amulet of faith (around neck)
 x - a ring of protection from fire
 A - the ring "Coceohajiu" {rPois rC+ Will- rCorr Int+3}
   (You acquired it on level 5 of the Vaults)

   [ring of resist corrosion]

   Int:       It affects your intelligence (+3).
   rC:        It protects you from cold.
   rPois:     It protects you from poison.
   rCorr:     It protects you from acid and corrosion.
   Will:      It decreases your willpower.
 C - a ring of fire
 F - an amulet of reflection
 G - a +5 ring of evasion (right hand)
 R - the amulet of the Four Winds {rN+ Will+++ Clar}
   (You bought it in a shop on level 2 of the Dungeon)

   [amulet of nothing]

   rN:        It protects you from negative energy.
   Clar:      It protects you from confusion, rage, mesmerisation and fear.
   Will:      It greatly increases your willpower.
 S - a ring of protection from cold
Wands
 v - a wand of digging (15)
Scrolls
 a - 12 scrolls of teleportation
 f - 24 scrolls of identify
 r - a scroll of enchant weapon
Potions
 d - 6 potions of might
 e - 25 potions of curing
 i - 10 potions of attraction
 j - 3 potions of magic
 k - 10 potions of haste
 m - 8 potions of lignification
 n - 6 potions of resistance
 z - 3 potions of cancellation
 B - 5 potions of enlightenment

Dungeon Overview and Level Annotations

Branches:
Dungeon (15/15)            Temple (1/1) D:4            Lair (5/5) D:8
 Shoals (4/4) Lair:3       Spider (4/4) Lair:2        Slime (5/5) Lair:5
    Orc (2/2) D:9             Elf (0/3) Orc:2        Vaults (5/5) D:14
  Crypt (3/3) Vaults:3       Tomb (1/3) Crypt:3      Depths (4/4) D:15
    Zot (4/5) Depths:4    Gauntlet (visited)

Altars:
Ashenzari
Dithmenos
Elyvilon
Fedhas
Gozag
Hepliaklqana
Kikubaaqudgha
Makhleb
Okawaru
Qazlal
Ru
Sif Muna
Uskayaw
Vehumet
Wu Jian
Xom
Yredelemnul
Zin
The Shining One

Shops:
D:1 [   D:2 =   D:3 *   D:5 :   Orc:2 ?!!?[!:   Shoals:1 *   Vaults:1 [
Vaults:4 *   Vaults:5 [   Depths:3 (

Portals:
Hell: Depths:1 Depths:2 Depths:3 Depths:4
Abyss: Depths:3
Pandemonium: Depths:2
Ziggurat: Depths:4
Trove: D:12 (give horn of Geryon)

Annotations:
D:3 2 transporters, qw's ghost, amateur NaHu
D:4 1 runed translucent door, qw's ghost, weakling GrHu
D:6 2 runed translucent doors
D:9 3 runed translucent doors, 2 transporters, qw's ghost, novice NaHu
D:10 exclusion: moth of wrath
D:14 4 runed translucent doors
Lair:1 1 runed translucent door
Spider:1 3 runed translucent doors, qw's ghost, adept GrHu
Vaults:1 1 transporter, exclusions: ugly thing and wizard, qw's ghost, adept GrHu
Crypt:1 36 runed doors
Crypt:3 exclusions: ancient lich and lich
Depths:2 2 runed translucent doors
Zot:3 2 transporters


Message History

The bolt of dispelling energy hits you but does no damage.
You feel strangely stable. You block the black draconian's attack.
The yellow draconian hits you but does no damage.
Your angel hits the sphinx with a +2 whip of holy wrath!
Your angel hits the sphinx with a +2 whip of holy wrath.
68902 ||| READING 13 scrolls of teleportation.
As you read the scroll of teleportation, it crumbles to dust.
You feel strangely unstable.
The sphinx casts a spell.
Something smites you! The sphinx hits you but does no damage.
You block the sphinx's attack. x2; Your angel barely misses the sphinx.
Your angel hits the sphinx but does no damage.
You block the yellow draconian's attack.
The purple draconian hits you with a +0 mace!
The black draconian breathes lightning at you.
The bolt of lightning hits you! You resist.
You hear a shout!
You hit the sphinx but do no damage. You peck the sphinx, but do no damage.
The sphinx is almost dead.
You slash the sphinx!
You chop the purple draconian into pieces!!!
You slice the sphinx!! You slash the black draconian!
The sphinx hits you but does no damage. x2; You block the sphinx's attack.
Your angel hits the sphinx with a +2 whip of holy wrath!!
The sphinx dies!
The sphinx casts a spell.
Something smites you! The Shining One protects you from harm!
You slice the purple draconian!! You peck the purple draconian!
The purple draconian is severely wounded.
You slice the sphinx!! You completely miss the sphinx.
You hit the black draconian.
Your angel hits the sphinx with a +2 whip of holy wrath!
Your angel hits the sphinx with a +2 whip of holy wrath.
You block the purple draconian's attack.
The deep elf archer unwields a +0 dagger.
The deep elf archer wields a +0 shortbow.
The deep elf archer shoots an arrow.
The arrow hits you!
You die...

#..............
#......e.......
#..............
#..............
#..............
#..............
#.((...%d..#
#.....A@H..#
#..%...Hd..#
#.......d..#
#..........#
#..........#
#..%.......#
#..........#
#..........#
#..........#


You could see a black draconian (catching breath), a yellow draconian, a purple
draconian (catching breath), 2 sphinxes, a deep elf archer (repels missiles) and
a friendly angel (summoned).

Vanquished Creatures
  the Royal Jelly (Slime:5)
  2 ancient liches
  Mara (Shoals:4)
  A juggernaut (Depths:3)
  Sojobo (Vaults:3)
  Boris (Depths:4)
  Margery (Depths:4)
  Parghit (Depths:4)
  A Killer Klown (Zot:3)
  Frederick (Vaults:4)
  2 caustic shrikes
  Xtahua (Vaults:3)
  12 golden dragons
  Arachne (Spider:4)
  A bone dragon (Crypt:3)
  3 electric golems
  A shard shrike zombie (Crypt:2)
  2 deep elf blademasters (Crypt:1)
  8 tentacled monstrosities
  4 liches
  2 deep elf master archers
  12 titans
  Mlioglotl (Shoals:4)
  5 quicksilver dragons
  12 acid blobs
  2 walking divine tomes
  5 ancient champions (Crypt:3)
  8 death cobs
  8 sphinxes
  11 tengu reavers
  A kraken (Shoals:4)
  6 shadow dragons
  2 draconian monks
  8 storm dragons
  3 draconian knights
  5 azure jellies (Slime:5)
  Ilsuiw (Shoals:3)
  Donald (Shoals:3)
  A deep elf sorcerer (Depths:1)
  13 rockslimes (Slime:5)
  15 fire giants
  9 emperor scorpions
  16 vault wardens
  2 curse skulls
  13 ghost moths
  Aizul (Vaults:1)
  An iron dragon (Vaults:4)
  10 frost giants
  Louise (Depths:3)
  4 draconian scorchers
  A caustic shrike zombie (Depths:3)
  2 draconian shifters (Zot:3)
  A balrug (Abyss:2)
  8 ghouls
  A caustic shrike skeleton (Crypt:1)
  2 reapers
  3 draconian annihilators
  10 quicksilver oozes
  4 formless jellyfish
  5 orc warlords
  3 war gargoyles (Vaults:5)
  20 ironbound preservers
  13 very ugly things
  20 stone giants
  A rockslime zombie (Crypt:2)
  2 broodmothers
  8 ironbound thunderhulks
  10 black draconians
  8 vampire knights
  10 spark wasps
  3 purple draconians
  11 green draconians
  A deep elf annihilator (Vaults:5)
  7 yellow draconians
  11 white draconians
  A minotaur (Gauntlet)
  3 red draconians
  4 crystal guardians
  4 deep elf death magi
  15 ettins
  9 eidola
  5 merfolk javelineers
  7 dire elephants
  2 quicksilver dragon zombies
  8 merfolk impalers
  2 mummy priests (Tomb:1)
  12 entropy weavers
  7 jiangshi
  7 fire dragons
  A spriggan zombie (Tomb:1)
  Josephine (Shoals:1)
  8 ice dragons
  16 yaktaur captains
  8 ironbound frosthearts
  6 great orbs of eyes
  7 peacekeepers
  8 hydras
  3 spriggan air magi
  4 spriggan skeletons
  4 jorogumos
  13 centaur warriors
  3 merfolk aquamancers
  An alligator snapping turtle (Shoals:4)
  4 catoblepae (Lair:5)
  33 vault guards
  A death knight (Crypt:1)
  2 ogre magi
  4 radroaches
  2 dancing weapons (Depths:1)
  8 two-headed ogres
  5 boulder beetles
  A satyr (Shoals:3)
  6 death yaks (Lair:5)
  4 death scarabs (Tomb:1)
  An Orb Guardian skeleton (Crypt:3)
  A quicksilver ooze zombie (Crypt:1)
  6 deep troll earth magi
  13 demonic crawlers
  9 tengu warriors
  A bennu skeleton (Crypt:3)
  6 vampire magi
  A thrashing horror (Abyss:2)
  7 deep troll shamans
  4 deep elf knights
  2 spriggan berserkers (Depths:1)
  5 sun demons (Abyss:2)
  14 hell knights
  A skyshark (shapeshifter) (D:14)
  An iron troll (shapeshifter) (Vaults:5)
  8 skeletal warriors
  5 sixfirhies
  9 pharaoh ants
  2 golden dragon zombies (Depths:3)
  9 sun moths
  A wretched star (Abyss:2)
  4 skysharks
  3 glowing orange brains
  A salamander mystic (Depths:2)
  7 iron trolls
  A shadow wraith (Crypt:3)
  13 sea snakes
  An iron giant zombie (Crypt:1)
  An anaconda zombie (Crypt:3)
  5 flayed ghosts
  A deep troll (shapeshifter) (Vaults:5)
  A bog body (Crypt:3)
  51 deep trolls
  2 deep elf archers
  13 orb spiders
  4 lindwurms (Vaults:3)
  8 wizards
  A bunyip skeleton (Crypt:1)
  A swamp dragon (Zot:2)
  2 large abominations (Abyss:2)
  11 phantasmal warriors
  A tengu zombie (Depths:3)
  10 steelbarb worms
  12 necromancers
  A spriggan simulacrum (Crypt:1)
  16 orc knights
  4 deep elf zephyrmancers
  26 harpies
  18 ironbound convokers
  2 orc sorcerers
  22 wolf spiders
  12 manticores
  15 fauns
  38 ugly things
  A shadow dragon zombie (Tomb:1)
  3 deep elf pyromancers
  22 moths of wrath
  11 cyclopes
  5 shining eyes
  21 elephants
  A goliath frog skeleton (Crypt:3)
  5 salamanders
  30 vault sentinels
  4 black mambas
  2 iron dragon skeletons
  A sphinx skeleton (Crypt:2)
  12 merfolk sirens
  An apocalypse crab (Abyss:2)
  An eye of devastation (Slime:5)
  Joseph (D:7)
  3 water nymphs
  A smoke demon (Abyss:2)
  4 torpor snails
  An orc skeleton (Crypt:1)
  5 rime drakes
  An unseen horror (D:12)
  15 cane toads
  6 gargoyles
  3 efreet
  A pale draconian skeleton (Crypt:2)
  A freezing wraith (D:11)
  A yaktaur zombie (Vaults:5)
  20 yaktaurs
  A red draconian skeleton (Crypt:2)
  8 komodo dragons
  3 tengu conjurers
  2 ancient zymes (Abyss:2)
  6 guardian mummies
  6 meliai (Spider:1)
  2 hornets
  9 trolls
  A polar bear (Lair:5)
  7 wind drakes
  19 merfolk
  A queen bee (Spider:1)
  Grinder (D:3)
  9 raiju (Abyss:2)
  2 blink frogs (shapeshifter)
  24 blink frogs
  2 harpy skeletons
  29 tarantellas
  10 snapping turtles
  A tarantella zombie (Crypt:3)
  10 flying skulls (Crypt:3)
  25 jumping spiders
  A small abomination (Abyss:2)
  A centaur simulacrum (D:14)
  A vampire (D:13)
  A spriggan (Depths:1)
  3 air elementals (Depths:1)
  48 slime creatures
  A tyrant leech zombie (Crypt:1)
  9 wraiths
  3 shadows
  73 yaks
  A wyvern (shapeshifter) (D:15)
  27 culicivoras
  A human (D:14)
  2 wyverns
  A basilisk (Lair:3)
  24 water elementals
  2 fire bats (Depths:1)
  2 golden eyes (Slime:5)
  2 chaos spawn (Gauntlet)
  2 neqoxecs
  2 steam dragons
  Grum (D:10)
  An elf simulacrum (Vaults:5)
  A fire elemental (Gauntlet)
  43 redbacks
  2 vampire mosquitoes (D:15)
  5 wargs
  A harpy simulacrum (Crypt:1)
  13 water moccasins
  A cane toad zombie (Crypt:2)
  2 hell hounds (Gauntlet)
  47 orc warriors
  2 black bears (D:6)
  An ogre skeleton (Vaults:5)
  4 sky beasts
  A black mamba simulacrum (Tomb:1)
  9 ice beasts
  5 boggarts
  18 wolves
  27 centaurs
  10 ogres
  6 starcursed masses (Abyss:2)
  5 kobold brigands
  2 necrophages (Crypt:3)
  2 scorpions
  13 bullfrogs
  A cyclops zombie (Crypt:1)
  2 earth elementals (Depths:1)
  6 wights
  31 killer bees
  10 howler monkeys
  A shapeshifter skeleton (Crypt:3)
  A troll skeleton (Crypt:3)
  A black bear zombie (Crypt:1)
  4 hounds
  5 jellies
  3 gnoll boudas
  22 orc priests
  A sleepcap (D:3)
  22 orc wizards
  A hound skeleton (Crypt:1)
  2 mummies (Tomb:1)
  14 gnolls
  6 adders
  3 white imps
  4 ufetubi
  A lava snake zombie (Crypt:3)
  A worm zombie (Crypt:2)
  A worm (D:3)
  A worm (shapeshifter) (Vaults:5)
  5 dart slugs
  82 orcs
  6 endoplasms
  3 giant cockroaches
  8 hobgoblins
  3 jackals (D:1)
  20 kobolds
  3 quokkas
  4 ball pythons
  4 bats
  5 frilled lizards
  A frilled lizard zombie (Crypt:3)
  12 goblins
  A kobold zombie (Crypt:1)
  4 rats
  A river rat skeleton (Crypt:2)
  A lurking horror (Abyss:2)
  A tentacle (Shoals:4)
2141 creatures vanquished.

Vanquished Creatures (collateral kills)
  A sphinx (Tomb:1)
1 creature vanquished.

Vanquished Creatures (others)
  An eldritch tentacle (Spider:1)
  A fire giant (Vaults:1)
  A frost giant (Tomb:1)
  A war gargoyle (Vaults:5)
  A deep troll (Vaults:3)
  A water nymph (Shoals:1)
  A merfolk (Shoals:2)
7 creatures vanquished.

Grand Total: 2149 creatures vanquished

Notes
Turn   | Place    | Note
-------+----------+-------------------------------------------
     0 | D:1      | qw the Gargoyle Fighter began the quest for the Orb.
     0 | D:1      | Reached XP level 1. HP: 14/14 MP: 1/1
     0 | D:1      | 0 ||| qw: Version: 0.3-a-5-g6f28e65
     0 | D:1      | 0 ||| qw: Game counter: 609
     0 | D:1      | 0 ||| qw: Always use a shield: true
     0 | D:1      | 0 ||| qw: God list: Okawaru
     0 | D:1      | 0 ||| qw: Allow faded altars: false
     0 | D:1      | 0 ||| qw: Do Orc after D:15 true
     0 | D:1      | 0 ||| qw: Do second Lair branch before Depths: true
     0 | D:1      | 0 ||| qw: Lair rune preference: random
     0 | D:1      | 0 ||| qw: Plans: Normal, Zot:1-4, Slime:5, God:TSO, Crypt,
                  | Tomb, Abyss, Pan, Hells, Win
     0 | D:1      | 0 ||| PLANNING D:1-11
   161 | D:1      | 161 ||| Stepping ~*~*~tactically~*~*~ (stealth).
   166 | D:1      | Reached XP level 2. HP: 19/19 MP: 2/2
   222 | D:1      | 222 ||| Stepping ~*~*~tactically~*~*~ (stealth).
   307 | D:1      | Found Lisui's Antique Armour Shoppe.
   308 | D:1      | 308 ||| UPGRADING to +0 helmet.
   323 | D:1      | 323 ||| SHOPLISTING glowing buckler (135 gold, have 14).
   323 | D:1      | 323 ||| SHOPLISTING runed chain mail (135 gold, have 14).
   323 | D:1      | 323 ||| SHOPLISTING shiny scale mail (126 gold, have 14).
   373 | D:1      | 373 ||| Stepping ~*~*~tactically~*~*~ (hiding).
   374 | D:1      | 374 ||| Stepping ~*~*~tactically~*~*~ (hiding).
   611 | D:1      | Reached skill level 3 in Axes
   651 | D:1      | 651 ||| DROPPING +0 club.
   652 | D:1      | 652 ||| Stepping ~*~*~tactically~*~*~ (stealth).
   727 | D:1      | Reached XP level 3. HP: 20/23 MP: 3/3
   769 | D:1      | 769 ||| READING scroll labelled PYCUESYRGHY.
   772 | D:1      | 772 ||| READING scroll labelled MEESIRO HIKIWA.
   773 | D:1      | 773 ||| READING scroll labelled JUS BAHESIFOTZARI.
   774 | D:1      | 774 ||| READING scroll labelled DIQ LADELEIJY.
  1050 | D:2      | Found Dimafuor's Jewellery Boutique.
  1200 | D:2      | 1200 ||| Stepping ~*~*~tactically~*~*~ (stealth).
  1203 | D:2      | Found a burning altar of Makhleb.
  1249 | D:2      | 1249 ||| Stepping ~*~*~tactically~*~*~ (hiding).
  1435 | D:2      | 1435 ||| SHOPLISTING amulet of the Four Winds {rN+ Will+++
                  | Clar} (607 gold, have 113).
  1435 | D:2      | 1435 ||| SHOPLISTING ring of fire (250 gold, have 113).
  1435 | D:2      | 1435 ||| SHOPLISTING ring of protection from cold (250
                  | gold, have 113).
  1435 | D:2      | 1435 ||| SHOPLISTING ring of resist corrosion (200 gold,
                  | have 113).
  1435 | D:2      | 1435 ||| SHOPLISTING ring of see invisible (150 gold, have
                  | 113).
  1470 | D:2      | Found a faded altar of an unknown god.
  1512 | D:2      | 1512 ||| READING 2 scrolls labelled JISAONW FAGALE.
  1513 | D:2      | 1513 ||| READING scroll labelled YSAJ SI COOPS.
  1527 | D:3      | Noticed Grinder
  1529 | D:3      | Paralysed by Grinder for 2 turns
  1540 | D:3      | Killed Grinder
  1541 | D:3      | Reached XP level 4. HP: 9/28 MP: 4/4
  1541 | D:3      | Reached XP level 5. HP: 11/32 MP: 5/5
  1541 | D:3      | Reached XP level 6. HP: 12/37 MP: 6/6
  1657 | D:3      | Found a hazy altar of Hepliaklqana.
  1661 | D:3      | 1661 ||| Stepping ~*~*~tactically~*~*~ (stealth).
  1663 | D:3      | Found Qeduycus's General Store.
  1670 | D:3      | 1670 ||| Stepping ~*~*~tactically~*~*~ (stealth).
  1686 | D:3      | Reached skill level 4 in Fighting
  1689 | D:3      | 1689 ||| SHOPLISTING +1 chain mail of poison resistance
                  | (189 gold, have 113).
  1689 | D:3      | 1689 ||| SHOPLISTING +1 chain mail of the Griffon {rC+
                  | Dex+3} (417 gold, have 113).
  1691 | D:3      | 1691 ||| FLEEEEING.
  1692 | D:3      | 1692 ||| FLEEEEING.
  1693 | D:3      | 1693 ||| FLEEEEING.
  1694 | D:3      | 1694 ||| FLEEEEING.
  1695 | D:3      | 1695 ||| FLEEEEING.
  1696 | D:3      | 1696 ||| FLEEEEING.
  1697 | D:3      | 1697 ||| FLEEEEING.
  1698 | D:3      | 1698 ||| FLEEEEING.
  1700 | D:3      | 1700 ||| FLEEEEING.
  1701 | D:3      | 1701 ||| FLEEEEING.
  1702 | D:3      | 1702 ||| FLEEEEING.
  1707 | D:3      | 1707 ||| FLEEEEING.
  1708 | D:3      | 1708 ||| FLEEEEING.
  1709 | D:3      | 1709 ||| FLEEEEING.
  1710 | D:3      | 1710 ||| FLEEEEING.
  1711 | D:3      | 1711 ||| FLEEEEING.
  1712 | D:3      | 1712 ||| STAIRDANCE
  1740 | D:3      | 1740 ||| STAIRDANCE
  1808 | D:3      | 1808 ||| FLEEEEING.
  1809 | D:3      | 1809 ||| FLEEEEING.
  1810 | D:3      | 1810 ||| FLEEEEING.
  1811 | D:3      | 1811 ||| FLEEEEING.
  1812 | D:3      | 1812 ||| FLEEEEING.
  1813 | D:3      | 1813 ||| FLEEEEING.
  1814 | D:3      | 1814 ||| FLEEEEING.
  1815 | D:3      | 1815 ||| FLEEEEING.
  1816 | D:3      | 1816 ||| FLEEEEING.
  1817 | D:3      | 1817 ||| FLEEEEING.
  1818 | D:3      | 1818 ||| FLEEEEING.
  1819 | D:3      | 1819 ||| FLEEEEING.
  1820 | D:3      | 1820 ||| FLEEEEING.
  1821 | D:3      | 1821 ||| FLEEEEING.
  1822 | D:3      | 1822 ||| FLEEEEING.
  1823 | D:3      | 1823 ||| FLEEEEING.
  1824 | D:3      | 1824 ||| FLEEEEING.
  1825 | D:3      | 1825 ||| FLEEEEING.
  1826 | D:3      | 1826 ||| FLEEEEING.
  1827 | D:3      | 1827 ||| STAIRDANCE
  1849 | D:3      | Reached skill level 1 in Dodging
  1876 | D:3      | 1876 ||| DROPPING +2 vampiric whip.
  1877 | D:3      | 1877 ||| DROPPING +0 mace.
  1892 | D:3      | 1892 ||| DROPPING +0 flail.
  1910 | D:3      | Noticed qw's ghost (amateur NaHu)
  1913 | D:3      | Found a transporter.
  2109 | D:3      | Found a transporter.
  2192 | D:3      | 2192 ||| READING scroll of brand weapon.
  2192 | D:3      | 2192 ||| BRANDING +0 war axe of venom.
  2193 | D:3      | 2193 ||| READING 2 scrolls labelled RUEBLE GUTAEWK.
  2194 | D:3      | 2194 ||| DRINKING 3 clear potions.
  2195 | D:3      | 2195 ||| READING 2 scrolls of identify.
  2195 | D:3      | 2195 ||| IDENTIFYING fizzy silvery potion
  2196 | D:3      | 2196 ||| DROPPING potion of ambrosia.
  2197 | D:3      | 2197 ||| DROPPING scroll of fog.
  2248 | D:4      | Found a staircase to the Ecumenical Temple.
  2250 | D:4      | 2250 ||| PLANNING TEMPLE
  2259 | Temple   | Entered the Ecumenical Temple
  2267 | Temple   | 2267 ||| PLANNING OKAWARU WORSHIP
  2440 | Temple   | Became a worshipper of Warmaster Okawaru
  2441 | Temple   | 2441 ||| PLANNING D:1-11
  2544 | D:4      | 2544 ||| Stepping ~*~*~tactically~*~*~ (hiding).
  2558 | D:4      | Reached skill level 6 in Axes
  2565 | D:4      | Reached XP level 7. HP: 17/43 MP: 7/7
  2565 | D:4      | 2565 ||| FLEEEEING.
  2566 | D:4      | 2566 ||| FLEEEEING.
  2567 | D:4      | 2567 ||| FLEEEEING.
  2568 | D:4      | 2568 ||| FLEEEEING.
  2569 | D:4      | 2569 ||| FLEEEEING.
  2570 | D:4      | 2570 ||| FLEEEEING.
  2571 | D:4      | 2571 ||| FLEEEEING.
  2572 | D:4      | 2572 ||| FLEEEEING.
  2573 | D:4      | 2573 ||| FLEEEEING.
  2574 | D:4      | 2574 ||| FLEEEEING.
  2575 | D:4      | 2575 ||| FLEEEEING.
  2586 | D:4      | HP: 7/43 [wight/+5 dire flail (6)]
  2587 | D:4      | 2587 ||| READING 2 scrolls of teleportation.
  2588 | D:4      | HP: 3/43 [wight/+5 dire flail (5)]
  2871 | D:4      | Identified the +5 mace of Kismet {antimagic, Will++}
  2973 | D:4      | Found a runed translucent door.
  3181 | D:4      | Reached * piety under Okawaru
  3270 | D:4      | Reached skill level 5 in Fighting
  3270 | D:4      | Reached skill level 1 in Invocations
  3456 | D:4      | 3456 ||| INVOKING Heroism.
  3464 | D:4      | Reached skill level 1 in Throwing
  3464 | D:4      | Reached XP level 8. HP: 48/49 MP: 6/9
  3560 | D:4      | Noticed qw's ghost (weakling GrHu)
  3621 | D:4      | 3621 ||| UPGRADING to +2 cloak.
  3626 | D:4      | 3626 ||| READING scroll labelled JAOXA CYUGIRGH.
  3627 | D:4      | 3627 ||| DRINKING 2 silvery potions.
  3697 | D:5      | Entered Level 5 of the Dungeon
  3713 | D:5      | 3713 ||| Stepping ~*~*~tactically~*~*~ (stealth).
  3917 | D:5      | Reached skill level 3 in Invocations
  3918 | D:5      | 3918 ||| INVOKING Heroism.
  4010 | D:5      | 4010 ||| Stepping ~*~*~tactically~*~*~ (hiding).
  4011 | D:5      | 4011 ||| Stepping ~*~*~tactically~*~*~ (hiding).
  4270 | D:5      | Found a glowing golden altar of the Shining One.
  4453 | D:5      | Found Beixu's Book Emporium.
  4505 | D:5      | Found a glowing silver altar of Zin.
  4506 | D:5      | Found a white marble altar of Elyvilon.
  4645 | D:5      | 4645 ||| UPGRADING to +0 plate armour.
  4655 | D:5      | 4655 ||| DROPPING +0 scale mail.
  4656 | D:5      | 4656 ||| UPGRADING to amulet of faith.
  4661 | D:5      | 4661 ||| READING scroll labelled NENEIBRUZIT.
  4662 | D:5      | 4662 ||| READING 2 scrolls of identify.
  4662 | D:5      | 4662 ||| IDENTIFYING golden potion
  4744 | D:6      | Found a sacrificial altar of Ru.
  4809 | D:6      | 4809 ||| INVOKING Heroism.
  4823 | D:6      | Reached ** piety under Okawaru
  4889 | D:6      | 4889 ||| INVOKING Heroism.
  4908 | D:6      | 4908 ||| DRINKING 3 potions of curing.
  4908 | D:6      | 4908 ||| (to cure confusion)
  4914 | D:6      | 4914 ||| DRINKING 2 potions of curing.
  4914 | D:6      | 4914 ||| (to cure confusion)
  4915 | D:6      | 4915 ||| DRINKING potion of curing.
  4915 | D:6      | 4915 ||| (to cure confusion)
  5106 | D:6      | 5106 ||| Stepping ~*~*~tactically~*~*~ (hiding).
  5116 | D:6      | Reached XP level 9. HP: 48/55 MP: 12/12
  5584 | D:6      | Found a large runed translucent door.
  5585 | D:6      | Found a large runed translucent door.
  5762 | D:6      | 5762 ||| READING scroll labelled MUQIGRICUY.
  5762 | D:6      | Identified a scroll of acquirement
  5762 | D:6      | 5762 ||| ACQUIRING 683 gold pieces
  5762 | D:6      | Acquired 683 gold pieces
  5802 | D:7      | 5802 ||| INVOKING Heroism.
  5803 | D:7      | 5803 ||| Stepping ~*~*~tactically~*~*~ (hiding).
  5804 | D:7      | 5804 ||| Stepping ~*~*~tactically~*~*~ (hiding).
  5805 | D:7      | 5805 ||| Stepping ~*~*~tactically~*~*~ (hiding).
  5818 | D:7      | Reached skill level 6 in Fighting
  5850 | D:7      | 5850 ||| FLEEEEING.
  5853 | D:7      | 5853 ||| FLEEEEING.
  5854 | D:7      | 5854 ||| FLEEEEING.
  5855 | D:7      | 5855 ||| FLEEEEING.
  5856 | D:7      | 5856 ||| FLEEEEING.
  5863 | D:7      | 5863 ||| INVOKING Heroism.
  5890 | D:7      | 5890 ||| INVOKING Heroism.
  6000 | D:7      | Found a radiant altar of Vehumet.
  6062 | D:7      | 6062 ||| Stepping ~*~*~tactically~*~*~ (hiding).
  6063 | D:7      | 6063 ||| Stepping ~*~*~tactically~*~*~ (hiding).
  6065 | D:7      | 6065 ||| Stepping ~*~*~tactically~*~*~ (hiding).
  6068 | D:7      | 6068 ||| INVOKING Heroism.
  6174 | D:7      | 6174 ||| INVOKING Heroism.
  6275 | D:7      | Reached skill level 9 in Axes
  6296 | D:7      | 6296 ||| Stepping ~*~*~tactically~*~*~ (stealth).
  6299 | D:7      | 6299 ||| Stepping ~*~*~tactically~*~*~ (hiding).
  6908 | D:7      | Noticed Joseph
  6920 | D:7      | Killed Joseph
  6921 | D:7      | Reached skill level 6 in Armour
  7017 | D:7      | 7017 ||| READING 2 scrolls of identify.
  7017 | D:7      | 7017 ||| IDENTIFYING purple potion
  7094 | D:8      | 7094 ||| Stepping ~*~*~tactically~*~*~ (hiding).
  7095 | D:8      | 7095 ||| Stepping ~*~*~tactically~*~*~ (hiding).
  7099 | D:8      | 7099 ||| INVOKING Heroism.
  7163 | D:8      | Noticed a rime drake
  7173 | D:8      | Reached skill level 7 in Fighting
  7179 | D:8      | 7179 ||| INVOKING Heroism.
  7185 | D:8      | Killed a rime drake
  7185 | D:8      | Reached *** piety under Okawaru
  7186 | D:8      | Reached XP level 10. HP: 24/63 MP: 10/13
  7207 | D:8      | 7207 ||| INVOKING Heroism.
  7221 | D:8      | Reached skill level 8 in Fighting
  7230 | D:8      | 7230 ||| FLEEEEING.
  7314 | D:8      | 7314 ||| FLEEEEING.
  7315 | D:8      | 7315 ||| FLEEEEING.
  7325 | D:8      | 7325 ||| STAIRDANCE
  7471 | D:8      | Found an ornate altar of the Wu Jian Council.
  7480 | D:8      | 7480 ||| Stepping ~*~*~tactically~*~*~ (hiding).
  7512 | D:8      | Found a staircase to the Lair.
  7532 | D:8      | 7532 ||| READING scroll of enchant armour.
  7532 | D:8      | 7532 ||| ENCHANTING +0 helmet.
  7542 | D:8      | 7542 ||| Stepping ~*~*~tactically~*~*~ (stealth).
  7552 | D:8      | 7552 ||| Stepping ~*~*~tactically~*~*~ (stealth).
  7573 | D:8      | 7573 ||| INVOKING Heroism.
  7595 | D:8      | Reached **** piety under Okawaru
  7596 | D:8      | 7596 ||| Stepping ~*~*~tactically~*~*~ (hiding).
  7602 | D:8      | 7602 ||| INVOKING Heroism.
  7607 | D:8      | HP: 16/64 [something (1)]
  7608 | D:8      | 7608 ||| FLEEEEING.
  7609 | D:8      | 7609 ||| READING 3 scrolls of teleportation.
  7610 | D:8      | 7610 ||| DRINKING 3 potions of heal wounds.
  7814 | D:8      | Identified the amulet of the Jolly Suns {Acrobat MP+9}
  7892 | D:8      | 7892 ||| INVOKING Heroism.
  7907 | D:8      | 7907 ||| INVOKING Heroism.
  8039 | D:8      | Identified the +2 helmet of the Kangaroo {rF+++ Int-3 Dex-5
                  | Slay+5}
  8144 | D:8      | 8144 ||| Stepping ~*~*~tactically~*~*~ (hiding).
  8147 | D:8      | 8147 ||| Stepping ~*~*~tactically~*~*~ (hiding).
  8151 | D:8      | 8151 ||| INVOKING Heroism.
  8170 | D:8      | 8170 ||| DROPPING +5 mace of Kismet {antimagic, Will++}.
  8222 | D:8      | 8222 ||| PLANNING LAIR
  8222 | D:8      | 8222 ||| UPGRADING to +2 helmet of the Kangaroo {rF+++
                  | Int-3 Dex-5 Slay+5}.
  8232 | D:8      | 8232 ||| DROPPING +1 helmet.
  8233 | D:8      | 8233 ||| UPGRADING to ring of ice.
  8234 | D:8      | 8234 ||| UPGRADING to +6 ring of dexterity.
  8235 | D:8      | 8235 ||| READING 3 scrolls of identify.
  8235 | D:8      | 8235 ||| IDENTIFYING bubbling inky potion
  8236 | D:8      | 8236 ||| READING 2 scrolls of identify.
  8236 | D:8      | 8236 ||| IDENTIFYING metallic white potion
  8270 | Lair:1   | Entered Level 1 of the Lair of Beasts
  8329 | Lair:1   | Found a runed translucent door.
  8435 | Lair:1   | Noticed an elephant
  8436 | Lair:1   | Noticed an elephant
  8447 | Lair:1   | Killed an elephant
  8448 | Lair:1   | Reached skill level 6 in Invocations
  8448 | Lair:1   | Reached XP level 11. HP: 63/68 MP: 15/15
  8471 | Lair:1   | 8471 ||| Stepping ~*~*~tactically~*~*~ (stealth).
  8472 | Lair:1   | 8472 ||| Stepping ~*~*~tactically~*~*~ (stealth).
  8474 | Lair:1   | 8474 ||| Stepping ~*~*~tactically~*~*~ (stealth).
  8482 | Lair:1   | 8482 ||| INVOKING Heroism.
  8505 | Lair:1   | Reached ***** piety under Okawaru
  8659 | Lair:1   | 8659 ||| INVOKING Heroism.
  8765 | Lair:1   | 8765 ||| INVOKING Heroism.
  8993 | Lair:1   | Reached skill level 9 in Fighting
  9310 | Lair:1   | 9310 ||| UPGRADING to ring of willpower.
  9312 | Lair:1   | 9312 ||| READING scroll labelled VOPOWIGEDA.
  9313 | Lair:1   | 9313 ||| READING 2 scrolls of identify.
  9313 | Lair:1   | 9313 ||| IDENTIFYING bubbling sapphire potion
  9314 | Lair:1   | 9314 ||| DROPPING potion of berserk rage.
  9321 | Lair:2   | 9321 ||| INVOKING Heroism.
  9455 | Lair:2   | 9455 ||| INVOKING Heroism.
  9457 | Lair:2   | Received a gift from Okawaru
  9458 | Lair:2   | Reached skill level 9 in Invocations
  9640 | Lair:2   | 9640 ||| INVOKING Heroism.
  9648 | Lair:2   | 9648 ||| Stepping ~*~*~tactically~*~*~ (stealth).
  9653 | Lair:2   | 9653 ||| Stepping ~*~*~tactically~*~*~ (stealth).
  9654 | Lair:2   | 9654 ||| Stepping ~*~*~tactically~*~*~ (stealth).
  9669 | Lair:2   | 9669 ||| Stepping ~*~*~tactically~*~*~ (stealth).
  9671 | Lair:2   | 9671 ||| Stepping ~*~*~tactically~*~*~ (stealth).
  9675 | Lair:2   | 9675 ||| Stepping ~*~*~tactically~*~*~ (stealth).
  9681 | Lair:2   | 9681 ||| Stepping ~*~*~tactically~*~*~ (stealth).
  9682 | Lair:2   | 9682 ||| Stepping ~*~*~tactically~*~*~ (stealth).
  9683 | Lair:2   | 9683 ||| INVOKING Heroism.
  9705 | Lair:2   | Reached XP level 12. HP: 36/76 MP: 19/19
  9713 | Lair:2   | 9713 ||| INVOKING Heroism.
  9871 | Lair:2   | 9871 ||| Stepping ~*~*~tactically~*~*~ (stealth).
  9873 | Lair:2   | 9873 ||| Stepping ~*~*~tactically~*~*~ (stealth).
  9874 | Lair:2   | 9874 ||| Stepping ~*~*~tactically~*~*~ (stealth).
 10000 | Lair:2   | 10000 ||| INVOKING Heroism.
 10199 | Lair:2   | 10199 ||| Stepping ~*~*~tactically~*~*~ (stealth).
 10204 | Lair:2   | 10204 ||| INVOKING Heroism.
 10213 | Lair:2   | Received a gift from Okawaru
 10214 | Lair:2   | Reached skill level 3 in Throwing
 10225 | Lair:2   | Reached skill level 12 in Axes
 10227 | Lair:2   | Reached skill level 6 in Shields
 10336 | Lair:2   | 10336 ||| SWAPPING to +4 broad axe of draining.
 10475 | Lair:2   | 10475 ||| Stepping ~*~*~tactically~*~*~ (stealth).
 10477 | Lair:2   | 10477 ||| Stepping ~*~*~tactically~*~*~ (stealth).
 10556 | Lair:2   | 10556 ||| INVOKING Heroism.
 10558 | Lair:2   | Reached skill level 10 in Fighting
 10562 | Lair:2   | Received a gift from Okawaru
 10567 | Lair:2   | Reached skill level 9 in Armour
 10723 | Lair:2   | Found a hole to the Spider Nest.
 10725 | Lair:2   | 10725 ||| Stepping ~*~*~tactically~*~*~ (stealth).
 10736 | Lair:2   | 10736 ||| Stepping ~*~*~tactically~*~*~ (stealth).
 11031 | Lair:3   | Noticed a five-headed hydra
 11032 | Lair:3   | 11032 ||| INVOKING Heroism.
 11033 | Lair:3   | 11033 ||| INVOKING Finesse.
 11037 | Lair:3   | 11037 ||| SWAPPING to +0 morningstar.
 11042 | Lair:3   | Killed a five-headed hydra
 11043 | Lair:3   | 11043 ||| SWAPPING to +4 broad axe of draining.
 11051 | Lair:3   | Reached XP level 13. HP: 57/82 MP: 13/20
 11053 | Lair:3   | Identified the +3 battleaxe of Cyephug {heavy, Fly rPois}
                  | (Okawaru gifted it to you on level 3 of the Lair of Beasts)
 11053 | Lair:3   | Received a gift from Okawaru
 11099 | Lair:3   | 11099 ||| STAIRDANCE
 11211 | Lair:3   | 11211 ||| INVOKING Heroism.
 11333 | Lair:3   | Found an ancient bone altar of Kikubaaqudgha.
 11467 | Lair:3   | 11467 ||| INVOKING Heroism.
 11698 | Lair:3   | 11698 ||| Stepping ~*~*~tactically~*~*~ (stealth).
 11705 | Lair:3   | 11705 ||| Stepping ~*~*~tactically~*~*~ (stealth).
 11769 | Lair:3   | Found a staircase to the Shoals.
 11816 | Lair:3   | 11816 ||| Stepping ~*~*~tactically~*~*~ (hiding).
 11818 | Lair:3   | 11818 ||| Stepping ~*~*~tactically~*~*~ (hiding).
 12097 | Lair:3   | 12097 ||| READING scroll labelled ENGITH BYABUHU.
 12271 | Lair:4   | 12271 ||| Stepping ~*~*~tactically~*~*~ (stealth).
 12281 | Lair:4   | 12281 ||| INVOKING Heroism.
 12291 | Lair:4   | 12291 ||| Stepping ~*~*~tactically~*~*~ (stealth).
 12292 | Lair:4   | 12292 ||| Stepping ~*~*~tactically~*~*~ (stealth).
 12519 | Lair:4   | 12519 ||| INVOKING Heroism.
 12529 | Lair:4   | Reached skill level 11 in Fighting
 12562 | Lair:4   | 12562 ||| INVOKING Heroism.
 12563 | Lair:4   | 12563 ||| INVOKING Finesse.
 12566 | Lair:4   | 12566 ||| SWAPPING to +0 morningstar.
 12575 | Lair:4   | 12575 ||| SWAPPING to +4 broad axe of draining.
 12667 | Lair:4   | 12667 ||| INVOKING Heroism.
 12668 | Lair:4   | 12668 ||| INVOKING Finesse.
 12672 | Lair:4   | 12672 ||| SWAPPING to +0 morningstar.
 12676 | Lair:4   | Received a gift from Okawaru
 12677 | Lair:4   | 12677 ||| SWAPPING to +4 broad axe of draining.
 12762 | Lair:4   | 12762 ||| INVOKING Heroism.
 12843 | Lair:4   | 12843 ||| INVOKING Heroism.
 12844 | Lair:4   | 12844 ||| SWAPPING to +0 morningstar.
 12845 | Lair:4   | 12845 ||| INVOKING Finesse.
 12846 | Lair:4   | 12846 ||| INVOKING Finesse.
 12850 | Lair:4   | 12850 ||| SWAPPING to +4 broad axe of draining.
 12910 | Lair:4   | 12910 ||| Stepping ~*~*~tactically~*~*~ (stealth).
 12918 | Lair:4   | 12918 ||| Stepping ~*~*~tactically~*~*~ (stealth).
 12919 | Lair:4   | 12919 ||| Stepping ~*~*~tactically~*~*~ (stealth).
 12925 | Lair:4   | 12925 ||| INVOKING Heroism.
 12957 | Lair:4   | 12957 ||| INVOKING Heroism.
 12960 | Lair:4   | Received a gift from Okawaru
 13147 | Lair:4   | 13147 ||| INVOKING Heroism.
 13148 | Lair:4   | 13148 ||| INVOKING Finesse.
 13151 | Lair:4   | 13151 ||| SWAPPING to +0 morningstar.
 13154 | Lair:4   | 13154 ||| SWAPPING to +4 broad axe of draining.
 13322 | Lair:4   | Received a gift from Okawaru
 13330 | Lair:4   | 13330 ||| DROPPING +0 hat of willpower.
 13331 | Lair:4   | 13331 ||| INVOKING Heroism.
 13332 | Lair:4   | 13332 ||| SWAPPING to +0 morningstar.
 13333 | Lair:4   | 13333 ||| INVOKING Finesse.
 13340 | Lair:4   | 13340 ||| SWAPPING to +4 broad axe of draining.
 13557 | Lair:4   | 13557 ||| READING scroll labelled SOHOIRCH CEUT.
 13558 | Lair:4   | 13558 ||| READING scroll labelled NEVVIR SIBOWI.
 13559 | Lair:4   | 13559 ||| DRINKING 2 sedimented silvery potions.
 13560 | Lair:4   | 13560 ||| DRINKING 2 smoky amethyst potions.
 13561 | Lair:4   | 13561 ||| DROPPING potion of brilliance.
 13589 | Lair:5   | Entered Level 5 of the Lair of Beasts
 13589 | Lair:5   | Found a gate leading to a gauntlet.
 13590 | Lair:5   | 13590 ||| PLANNING GAUNTLET
 13591 | Lair:5   | 13591 ||| INVOKING Heroism.
 13607 | Gauntlet | Entered a Gauntlet
 13607 | Gauntlet | Found a transporter.
 13607 | Gauntlet | Found a transporter.
 13611 | Gauntlet | Found a transporter.
 13612 | Gauntlet | Found a transporter.
 13623 | Gauntlet | Found a transporter.
 13631 | Gauntlet | Found a transporter.
 13631 | Gauntlet | Found a transporter.
 13655 | Gauntlet | Found a transporter.
 13662 | Gauntlet | Found a transporter.
 13676 | Gauntlet | Found a transporter.
 13698 | Gauntlet | Found a transporter.
 13712 | Gauntlet | Found a transporter.
 13753 | Gauntlet | Found a transporter.
 13767 | Gauntlet | Found a transporter.
 13767 | Gauntlet | Noticed a quicksilver ooze
 13868 | Gauntlet | Found a transporter.
 13882 | Gauntlet | Found a transporter.
 13976 | Gauntlet | Gained mutation: You have hidden genetic defects. [a
                  | neqoxec]
 14065 | Gauntlet | 14065 ||| INVOKING Heroism.
 14205 | Gauntlet | Identified the amulet "Guzatuf" {Spirit rPois rN++ Regen+}
 14210 | Gauntlet | 14210 ||| DROPPING amulet of the Jolly Suns {Acrobat MP+9}.
 14234 | Gauntlet | Gained mutation: Your large and strong wings let you fly.
                  | [Gargoyle growth]
 14234 | Gauntlet | Reached XP level 14. HP: 90/90 MP: 21/21
 14302 | Gauntlet | Identified the staff of the Threshing Enemy {rElec Int+2
                  | Hexes Tmut Air}
 14303 | Gauntlet | 14303 ||| UPGRADING to +5 ring of evasion.
 14305 | Gauntlet | 14305 ||| DROPPING ring of positive energy.
 14313 | Gauntlet | Identified the +1 orcbow of Urehoddi {speed, Drain rPois
                  | Str+3}
 14314 | Gauntlet | 14314 ||| Stepping ~*~*~tactically~*~*~ (hiding).
 14318 | Gauntlet | 14318 ||| INVOKING Heroism.
 14509 | Gauntlet | Identified the +1 hat of Quiet Fog {Will- Regen+ SInv}
 14552 | Lair:5   | 14552 ||| PLANNING LAIR
 14621 | Lair:5   | Gained mutation: Your spells are a little easier to cast,
                  | but a little less powerful. [hidden defects]
 14667 | Lair:5   | 14667 ||| INVOKING Heroism.
 14670 | Lair:5   | 14670 ||| SWAPPING to +0 morningstar.
 14673 | Lair:5   | 14673 ||| SWAPPING to +4 broad axe of draining.
 14680 | Lair:5   | Reached skill level 6 in Throwing
 14744 | Lair:5   | 14744 ||| Stepping ~*~*~tactically~*~*~ (stealth).
 14753 | Lair:5   | Reached skill level 15 in Axes
 14768 | Lair:5   | Reached skill level 3 in Dodging
 14779 | Lair:5   | 14779 ||| Stepping ~*~*~tactically~*~*~ (stealth).
 14874 | Lair:5   | 14874 ||| Stepping ~*~*~tactically~*~*~ (hiding).
 14876 | Lair:5   | 14876 ||| INVOKING Heroism.
 14962 | Lair:5   | 14962 ||| Stepping ~*~*~tactically~*~*~ (hiding).
 14975 | Lair:5   | 14975 ||| Stepping ~*~*~tactically~*~*~ (hiding).
 15077 | Lair:5   | 15077 ||| INVOKING Heroism.
 15113 | Lair:5   | Gained mutation: Your spells are easier to cast, but less
                  | powerful. [hidden defects]
 15113 | Lair:5   | Lost mutation: You have hidden genetic defects. [hidden
                  | defects expressed]
 15228 | Lair:5   | 15228 ||| Stepping ~*~*~tactically~*~*~ (stealth).
 15229 | Lair:5   | 15229 ||| Stepping ~*~*~tactically~*~*~ (stealth).
 15230 | Lair:5   | 15230 ||| INVOKING Heroism.
 15232 | Lair:5   | Reached skill level 12 in Fighting
 15242 | Lair:5   | Received a gift from Okawaru
 15243 | Lair:5   | 15243 ||| INVOKING Finesse.
 15257 | Lair:5   | 15257 ||| Stepping ~*~*~tactically~*~*~ (stealth).
 15284 | Lair:5   | 15284 ||| Stepping ~*~*~tactically~*~*~ (stealth).
 15329 | Lair:5   | 15329 ||| INVOKING Heroism.
 15330 | Lair:5   | 15330 ||| INVOKING Finesse.
 15333 | Lair:5   | Received a gift from Okawaru
 15680 | Lair:5   | Found a staircase to the Slime Pits.
 15706 | Lair:5   | 15706 ||| Stepping ~*~*~tactically~*~*~ (stealth).
 15708 | Lair:5   | 15708 ||| INVOKING Heroism.
 15709 | Lair:5   | 15709 ||| INVOKING Finesse.
 15713 | Lair:5   | 15713 ||| SWAPPING to +3 vampiric morningstar.
 15718 | Lair:5   | Received a gift from Okawaru
 15719 | Lair:5   | 15719 ||| SWAPPING to +4 broad axe of draining.
 16008 | Lair:5   | 16008 ||| PLANNING D:1-11
 16008 | Lair:5   | 16008 ||| DROPPING ring of magical power.
 16009 | Lair:5   | 16009 ||| DRINKING 2 metallic sapphire potions.
 16010 | Lair:5   | 16010 ||| READING 2 scrolls of identify.
 16010 | Lair:5   | 16010 ||| IDENTIFYING sapphire potion
 16092 | D:9      | Found a runed translucent gate.
 16095 | D:9      | Found a runed translucent gate.
 16096 | D:9      | Found a runed translucent gate.
 16096 | D:9      | Noticed qw's ghost (novice NaHu)
 16107 | D:9      | 16107 ||| Stepping ~*~*~tactically~*~*~ (hiding).
 16109 | D:9      | 16109 ||| Stepping ~*~*~tactically~*~*~ (stealth).
 16189 | D:9      | 16189 ||| Stepping ~*~*~tactically~*~*~ (stealth).
 16214 | D:9      | Found a staircase to the Orcish Mines.
 16276 | D:9      | 16276 ||| Stepping ~*~*~tactically~*~*~ (hiding).
 16427 | D:9      | Found a shimmering blue altar of Sif Muna.
 16430 | D:9      | 16430 ||| Stepping ~*~*~tactically~*~*~ (stealth).
 16433 | D:9      | 16433 ||| Stepping ~*~*~tactically~*~*~ (hiding).
 16435 | D:9      | 16435 ||| Stepping ~*~*~tactically~*~*~ (hiding).
 16630 | D:9      | Found a shimmering altar of Xom.
 16746 | D:9      | Found a transporter.
 16814 | D:9      | Found a transporter.
 17051 | D:9      | 17051 ||| DRINKING 2 yellow potions.
 17052 | D:9      | 17052 ||| READING 6 scrolls of identify.
 17052 | D:9      | 17052 ||| IDENTIFYING fizzy golden potion
 17053 | D:9      | 17053 ||| DROPPING potion of degeneration.
 17089 | D:10     | Entered Level 10 of the Dungeon
 17120 | D:10     | 17120 ||| Stepping ~*~*~tactically~*~*~ (stealth).
 17152 | D:10     | Noticed Grum
 17153 | D:10     | 17153 ||| INVOKING Heroism.
 17154 | D:10     | 17154 ||| INVOKING Finesse.
 17163 | D:10     | Killed Grum
 17221 | D:10     | Found a shadowy altar of Dithmenos.
 17393 | D:10     | 17393 ||| DROPPING +2 hat.
 17876 | D:9      | 17876 ||| Stepping randomly (stuck).
 17979 | D:9      | 17979 ||| Stepping randomly (stuck).
 18068 | D:10     | 18068 ||| Stepping ~*~*~tactically~*~*~ (hiding).
 18069 | D:10     | 18069 ||| Stepping ~*~*~tactically~*~*~ (hiding).
 18365 | D:10     | 18365 ||| DROPPING amulet of regeneration.
 18379 | D:10     | 18379 ||| Stepping ~*~*~tactically~*~*~ (stealth).
 18426 | D:10     | 18426 ||| Stepping ~*~*~tactically~*~*~ (hiding).
 18606 | D:10     | 18606 ||| READING 5 scrolls of identify.
 18606 | D:10     | 18606 ||| IDENTIFYING murky purple potion
 18607 | D:10     | 18607 ||| DROPPING potion of invisibility.
 18663 | D:11     | 18663 ||| Stepping ~*~*~tactically~*~*~ (hiding).
 18874 | D:11     | Reached XP level 15. HP: 96/96 MP: 22/22
 18888 | D:11     | 18888 ||| Stepping ~*~*~tactically~*~*~ (hiding).
 19021 | D:11     | Received a gift from Okawaru
 19151 | D:11     | 19151 ||| Stepping ~*~*~tactically~*~*~ (hiding).
 19293 | D:11     | 19293 ||| INVOKING Heroism.
 19364 | D:11     | 19364 ||| Stepping ~*~*~tactically~*~*~ (stealth).
 19365 | D:11     | 19365 ||| Stepping ~*~*~tactically~*~*~ (stealth).
 19366 | D:11     | 19366 ||| Stepping ~*~*~tactically~*~*~ (stealth).
 19367 | D:11     | 19367 ||| Stepping ~*~*~tactically~*~*~ (stealth).
 19371 | D:11     | Received a gift from Okawaru
 19384 | D:11     | 19384 ||| READING scroll of enchant armour.
 19384 | D:11     | 19384 ||| ENCHANTING +0 plate armour.
 19825 | D:11     | 19825 ||| PLANNING D
 19825 | D:11     | 19825 ||| UPGRADING to +4 ring of protection.
 19827 | D:11     | 19827 ||| DROPPING ring of willpower.
 19828 | D:11     | 19828 ||| DROPPING +6 ring of dexterity.
 19829 | D:11     | 19829 ||| READING scroll labelled EFOINN WAFUN.
 19953 | D:12     | Found a portal to a secret trove of treasure.
 20473 | D:12     | Received a gift from Okawaru
 20602 | D:12     | 20602 ||| DROPPING ring of wizardry.
 20821 | D:13     | Identified the +0 pair of boots of Surprise {Int+3}
                  | (Okawaru gifted it to you on level 13 of the Dungeon)
 20821 | D:13     | Received a gift from Okawaru
 20995 | D:13     | 20995 ||| Stepping ~*~*~tactically~*~*~ (hiding).
 21301 | D:13     | 21301 ||| READING scroll of enchant weapon.
 21301 | D:13     | 21301 ||| ENCHANTING +4 broad axe of draining.
 21461 | D:13     | 21461 ||| UPGRADING to +0 pair of boots of Surprise
                  | {Int+3}.
 21466 | D:13     | 21466 ||| UPGRADING to +0 kite shield.
 21476 | D:13     | 21476 ||| DROPPING +0 buckler.
 21514 | D:14     | 21514 ||| STAIRDANCE
 21597 | D:14     | 21597 ||| Stepping ~*~*~tactically~*~*~ (stealth).
 21598 | D:14     | 21598 ||| Stepping ~*~*~tactically~*~*~ (stealth).
 21599 | D:14     | 21599 ||| Stepping ~*~*~tactically~*~*~ (hiding).
 21610 | D:14     | 21610 ||| INVOKING Heroism.
 21721 | D:14     | 21721 ||| INVOKING Heroism.
 21743 | D:14     | Reached skill level 9 in Shields
 21917 | D:14     | 21917 ||| INVOKING Heroism.
 21957 | D:14     | 21957 ||| INVOKING Heroism.
 21980 | D:14     | Found a gate to the Vaults.
 22073 | D:14     | 22073 ||| READING scroll of acquirement.
 22073 | D:14     | 22073 ||| ACQUIRING +4 plate armour of poison resistance
 22073 | D:14     | Acquired a +4 plate armour of poison resistance
 22075 | D:14     | 22075 ||| DROPPING +1 chain mail of cold resistance.
 22144 | D:14     | Found a runed translucent door.
 22181 | D:14     | Found a runed translucent door.
 22193 | D:14     | Found a runed translucent door.
 22206 | D:14     | Found a runed translucent door.
 22206 | D:14     | You are sucked into a shaft and drop 1 floor!
 22206 | D:15     | Entered Level 15 of the Dungeon
 22280 | D:15     | 22280 ||| Stepping ~*~*~tactically~*~*~ (stealth).
 22535 | D:15     | 22535 ||| UPGRADING to +4 plate armour of poison
                  | resistance.
 22545 | D:15     | 22545 ||| DROPPING +1 plate armour.
 22674 | D:14     | 22674 ||| Stepping ~*~*~tactically~*~*~ (hiding).
 22792 | D:14     | Received a gift from Okawaru
 22792 | D:14     | Found the +9 sword of Power {lifebolt}
 22793 | D:14     | 22793 ||| INVOKING Heroism.
 23014 | D:14     | 23014 ||| Stepping ~*~*~tactically~*~*~ (hiding).
 23713 | D:14     | 23713 ||| Stepping randomly (stuck).
 23814 | D:15     | 23814 ||| Stepping ~*~*~tactically~*~*~ (hiding).
 23817 | D:15     | 23817 ||| Stepping ~*~*~tactically~*~*~ (stealth).
 23825 | D:15     | Reached skill level 12 in Shields
 23830 | D:15     | 23830 ||| Stepping ~*~*~tactically~*~*~ (hiding).
 24035 | D:15     | 24035 ||| Stepping ~*~*~tactically~*~*~ (hiding).
 24039 | D:15     | 24039 ||| INVOKING Heroism.
 24048 | D:15     | Reached XP level 16. HP: 84/101 MP: 21/23
 24122 | D:15     | Found a staircase to the Depths.
 24291 | D:15     | 24291 ||| Stepping ~*~*~tactically~*~*~ (stealth).
 24294 | D:15     | 24294 ||| Stepping ~*~*~tactically~*~*~ (stealth).
 24295 | D:15     | 24295 ||| Stepping ~*~*~tactically~*~*~ (stealth).
 24304 | D:15     | 24304 ||| INVOKING Heroism.
 24457 | D:15     | 24457 ||| PLANNING ORC
 24639 | Orc:1    | Entered Level 1 of the Orcish Mines
 24653 | Orc:1    | Found a frozen archway.
 24746 | Orc:1    | 24746 ||| Stepping ~*~*~tactically~*~*~ (hiding).
 24766 | Orc:1    | 24766 ||| INVOKING Heroism.
 24783 | Orc:1    | HP: 21/101 [orc warrior/+0 glaive[an orc warlord] (22)]
 24784 | Orc:1    | 24784 ||| READING 10 scrolls of teleportation.
 24785 | Orc:1    | 24785 ||| DRINKING 8 potions of heal wounds.
 24838 | Orc:1    | 24838 ||| FLEEEEING.
 24845 | Orc:1    | 24845 ||| FLEEEEING.
 24846 | Orc:1    | 24846 ||| FLEEEEING.
 24847 | Orc:1    | 24847 ||| FLEEEEING.
 24854 | Orc:1    | 24854 ||| STAIRDANCE
 25015 | Orc:1    | 25015 ||| Stepping ~*~*~tactically~*~*~ (stealth).
 25017 | Orc:1    | 25017 ||| Stepping ~*~*~tactically~*~*~ (stealth).
 25019 | Orc:1    | 25019 ||| Stepping ~*~*~tactically~*~*~ (hiding).
 25022 | Orc:1    | 25022 ||| INVOKING Heroism.
 25079 | Orc:1    | 25079 ||| Stepping ~*~*~tactically~*~*~ (stealth).
 25081 | Orc:1    | 25081 ||| Stepping ~*~*~tactically~*~*~ (stealth).
 25082 | Orc:1    | 25082 ||| Stepping ~*~*~tactically~*~*~ (stealth).
 25203 | Orc:2    | Entered Level 2 of the Orcish Mines
 25218 | Orc:2    | Found Cafueroe's Distillery.
 25230 | Orc:2    | 25230 ||| BUYING 2 potions of heal wounds (150 gold).
 25230 | Orc:2    | Bought 2 potions of heal wounds for 150 gold pieces
 25230 | Orc:2    | 25230 ||| BUYING potion of curing (45 gold).
 25230 | Orc:2    | Bought a potion of curing for 45 gold pieces
 25230 | Orc:2    | 25230 ||| BUYING potion of haste (150 gold).
 25230 | Orc:2    | Bought a potion of haste for 150 gold pieces
 25230 | Orc:2    | 25230 ||| BUYING potion of heal wounds (75 gold).
 25230 | Orc:2    | Bought a potion of heal wounds for 75 gold pieces
 25230 | Orc:2    | 25230 ||| BUYING potion of lignification (45 gold).
 25230 | Orc:2    | Bought a potion of lignification for 45 gold pieces
 25230 | Orc:2    | 25230 ||| BUYING potion of might (60 gold).
 25230 | Orc:2    | Bought a potion of might for 60 gold pieces
 25230 | Orc:2    | 25230 ||| BUYING potion of mutation (120 gold).
 25230 | Orc:2    | Bought a potion of mutation for 120 gold pieces
 25287 | Orc:2    | 25287 ||| INVOKING Heroism.
 25304 | Orc:2    | Received a gift from Okawaru
 25313 | Orc:2    | Found Ymiop's Distillery.
 25313 | Orc:2    | Found Kesof's Distillery.
 25313 | Orc:2    | Found Xiuvonos's Magic Scroll Shop.
 25341 | Orc:2    | Reached skill level 12 in Armour
 25346 | Orc:2    | 25346 ||| INVOKING Heroism.
 25363 | Orc:2    | 25363 ||| Stepping ~*~*~tactically~*~*~ (hiding).
 25365 | Orc:2    | 25365 ||| Stepping ~*~*~tactically~*~*~ (hiding).
 25366 | Orc:2    | 25366 ||| Stepping ~*~*~tactically~*~*~ (hiding).
 25367 | Orc:2    | 25367 ||| Stepping ~*~*~tactically~*~*~ (hiding).
 25438 | Orc:2    | 25438 ||| Stepping ~*~*~tactically~*~*~ (stealth).
 25548 | Orc:2    | 25548 ||| DROPPING +1 war axe of protection.
 25586 | Orc:2    | 25586 ||| Stepping ~*~*~tactically~*~*~ (stealth).
 25610 | Orc:2    | Found Zourutuf's Armour Boutique.
 25621 | Orc:2    | 25621 ||| BUYING +8 plate armour of Osir {Dex+2} (1113
                  | gold).
 25621 | Orc:2    | Bought the +8 plate armour of Osir {Dex+2} for 1113 gold
                  | pieces
 25717 | Orc:2    | Found Fafinuk's Magic Scroll Emporium.
 25721 | Orc:2    | 25721 ||| BUYING potion of enlightenment (60 gold).
 25721 | Orc:2    | Bought a potion of enlightenment for 60 gold pieces
 25721 | Orc:2    | 25721 ||| BUYING potion of heal wounds (60 gold).
 25721 | Orc:2    | Bought a potion of heal wounds for 60 gold pieces
 25721 | Orc:2    | 25721 ||| BUYING potion of heal wounds (60 gold).
 25721 | Orc:2    | Bought a potion of heal wounds for 60 gold pieces
 25721 | Orc:2    | 25721 ||| BUYING potion of magic (96 gold).
 25721 | Orc:2    | Bought a potion of magic for 96 gold pieces
 25721 | Orc:2    | 25721 ||| BUYING potion of mutation (96 gold).
 25721 | Orc:2    | Bought a potion of mutation for 96 gold pieces
 25722 | Orc:2    | 25722 ||| BUYING 2 potions of attraction (96 gold).
 25722 | Orc:2    | Bought 2 potions of attraction for 96 gold pieces
 25722 | Orc:2    | 25722 ||| BUYING potion of attraction (48 gold).
 25722 | Orc:2    | Bought a potion of attraction for 48 gold pieces
 25722 | Orc:2    | 25722 ||| BUYING potion of mutation (128 gold).
 25722 | Orc:2    | Bought a potion of mutation for 128 gold pieces
 25724 | Orc:2    | 25724 ||| BUYING scroll of enchant weapon (82 gold).
 25724 | Orc:2    | Bought a scroll of enchant weapon for 82 gold pieces
 25724 | Orc:2    | 25724 ||| READING scroll of enchant weapon.
 25724 | Orc:2    | 25724 ||| ENCHANTING +5 broad axe of draining.
 25730 | Orc:2    | 25730 ||| BUYING scroll of teleportation (39 gold).
 25730 | Orc:2    | Bought a scroll of teleportation for 39 gold pieces
 25730 | Orc:2    | 25730 ||| BUYING scroll of teleportation (39 gold).
 25730 | Orc:2    | Bought a scroll of teleportation for 39 gold pieces
 25749 | Orc:2    | 25749 ||| Stepping ~*~*~tactically~*~*~ (stealth).
 25752 | Orc:2    | 25752 ||| Stepping ~*~*~tactically~*~*~ (stealth).
 25754 | Orc:2    | 25754 ||| Stepping ~*~*~tactically~*~*~ (stealth).
 25758 | Orc:2    | 25758 ||| Stepping ~*~*~tactically~*~*~ (stealth).
 25761 | Orc:2    | 25761 ||| Stepping ~*~*~tactically~*~*~ (hiding).
 25762 | Orc:2    | 25762 ||| Stepping ~*~*~tactically~*~*~ (hiding).
 25763 | Orc:2    | 25763 ||| Stepping ~*~*~tactically~*~*~ (hiding).
 25764 | Orc:2    | 25764 ||| Stepping ~*~*~tactically~*~*~ (hiding).
 25798 | Orc:2    | 25798 ||| Stepping ~*~*~tactically~*~*~ (hiding).
 25812 | Orc:2    | 25812 ||| Stepping ~*~*~tactically~*~*~ (hiding).
 25818 | Orc:2    | 25818 ||| INVOKING Heroism.
 25819 | Orc:2    | Paralysed by an orc sorcerer for 4 turns
 25896 | Orc:2    | 25896 ||| DROPPING +0 ice dragon scales.
 25897 | Orc:2    | 25897 ||| UPGRADING to +8 plate armour of Osir {Dex+2}.
 25907 | Orc:2    | 25907 ||| DROPPING +4 plate armour of poison resistance.
 25917 | Orc:1    | 25917 ||| INVOKING Heroism.
 26112 | Orc:2    | 26112 ||| Stepping ~*~*~tactically~*~*~ (hiding).
 26298 | Orc:2    | Found a staircase to the Elven Halls.
 26299 | Orc:2    | Found Titumot's Book Boutique.
 26312 | Orc:2    | 26312 ||| Stepping ~*~*~tactically~*~*~ (stealth).
 26313 | Orc:2    | 26313 ||| Stepping ~*~*~tactically~*~*~ (stealth).
 26314 | Orc:2    | 26314 ||| Stepping ~*~*~tactically~*~*~ (stealth).
 26315 | Orc:2    | 26315 ||| Stepping ~*~*~tactically~*~*~ (stealth).
 26317 | Orc:2    | 26317 ||| Stepping ~*~*~tactically~*~*~ (stealth).
 26522 | Orc:2    | 26522 ||| PLANNING SPIDER:1-3
 26675 | Spider:1 | Entered Level 1 of the Spider Nest
 26723 | Spider:1 | 26723 ||| INVOKING Finesse.
 26856 | Spider:1 | Found a runed translucent gate.
 26856 | Spider:1 | Found a runed translucent gate.
 26858 | Spider:1 | Found a runed translucent gate.
 26864 | Spider:1 | Noticed qw's ghost (adept GrHu)
 26865 | Spider:1 | 26865 ||| INVOKING Heroism.
 26869 | Spider:1 | Reached skill level 13 in Fighting
 26994 | Spider:1 | 26994 ||| Stepping ~*~*~tactically~*~*~ (stealth).
 26995 | Spider:1 | 26995 ||| Stepping ~*~*~tactically~*~*~ (stealth).
 27000 | Spider:1 | 27000 ||| INVOKING Heroism.
 27116 | Spider:1 | 27116 ||| Stepping ~*~*~tactically~*~*~ (stealth).
 27122 | Spider:1 | 27122 ||| INVOKING Heroism.
 27169 | Spider:1 | 27169 ||| Stepping ~*~*~tactically~*~*~ (stealth).
 27177 | Spider:1 | 27177 ||| INVOKING Heroism.
 27349 | Spider:1 | 27349 ||| Stepping ~*~*~tactically~*~*~ (stealth).
 27355 | Spider:1 | 27355 ||| Stepping ~*~*~tactically~*~*~ (stealth).
 27436 | Spider:1 | 27436 ||| INVOKING Finesse.
 27444 | Spider:1 | Received a gift from Okawaru
 27649 | Spider:1 | 27649 ||| INVOKING Heroism.
 27677 | Spider:1 | 27677 ||| Stepping ~*~*~tactically~*~*~ (stealth).
 27680 | Spider:1 | Gained mutation: You are occasionally teleported next to
                  | monsters. [mutagenic glow]
 27681 | Spider:1 | 27681 ||| DRINKING 7 potions of mutation.
 27681 | Spider:1 | Lost mutation: Your spells are easier to cast, but less
                  | powerful. [potion of mutation]
 27681 | Spider:1 | Lost mutation: Your spells are a little easier to cast, but
                  | a little less powerful. [potion of mutation]
 27681 | Spider:1 | Lost mutation: You are occasionally teleported next to
                  | monsters. [potion of mutation]
 27681 | Spider:1 | Gained mutation: You are weak. (Str -2) [potion of
                  | mutation]
 27681 | Spider:1 | Gained mutation: You are vulnerable to cold. (rC-) [potion
                  | of mutation]
 27682 | Spider:1 | 27682 ||| DRINKING 6 potions of mutation.
 27682 | Spider:1 | Lost mutation: You are vulnerable to cold. (rC-) [potion of
                  | mutation]
 27682 | Spider:1 | Lost mutation: You are weak. (Str -2) [potion of mutation]
 27682 | Spider:1 | Gained mutation: Your mind is acute. (Int +4, Str/Dex -1)
                  | [potion of mutation]
 27682 | Spider:1 | Gained mutation: You passively dampen the noise of your
                  | surroundings. [potion of mutation]
 27682 | Spider:1 | Gained mutation: Your mind is very acute. (Int +8, Str/Dex
                  | -2) [potion of mutation]
 27689 | Spider:1 | Gained mutation: You sometimes lose your temper in combat.
                  | [mutagenic glow]
 27697 | Spider:1 | 27697 ||| Stepping randomly (disturbance).
 27707 | Spider:1 | Received a gift from Okawaru
 27832 | Spider:1 | 27832 ||| DRINKING 5 potions of mutation.
 27832 | Spider:1 | Lost mutation: You passively dampen the noise of your
                  | surroundings. [potion of mutation]
 27832 | Spider:1 | Lost mutation: You sometimes lose your temper in combat.
                  | [potion of mutation]
 27832 | Spider:1 | Gained mutation: You are occasionally teleported next to
                  | monsters. [potion of mutation]
 27832 | Spider:1 | Gained mutation: You are strong-willed. (Will+) [potion of
                  | mutation]
 27833 | Spider:1 | 27833 ||| DRINKING 4 potions of mutation.
 27833 | Spider:1 | Lost mutation: You are occasionally teleported next to
                  | monsters. [potion of mutation]
 27833 | Spider:1 | Lost mutation: You are strong-willed. (Will+) [potion of
                  | mutation]
 27833 | Spider:1 | Lost mutation: Your mind is very acute. (Int +8, Str/Dex
                  | -2) [potion of mutation]
 27833 | Spider:1 | Gained mutation: You occasionally lose the ability to drink
                  | potions when taking damage. [potion of mutation]
 27833 | Spider:1 | Gained mutation: You expend magic power (3 MP) to
                  | strengthen your wands. [potion of mutation]
 27834 | Spider:1 | 27834 ||| DRINKING 3 potions of mutation.
 27834 | Spider:1 | Lost mutation: Your mind is acute. (Int +4, Str/Dex -1)
                  | [potion of mutation]
 27834 | Spider:1 | Lost mutation: You occasionally lose the ability to drink
                  | potions when taking damage. [potion of mutation]
 27834 | Spider:1 | Gained mutation: You are clumsy. (Dex -2) [potion of
                  | mutation]
 27834 | Spider:1 | Gained mutation: Your spells are a little easier to cast,
                  | but a little less powerful. [potion of mutation]
 27921 | Spider:1 | 27921 ||| Stepping ~*~*~tactically~*~*~ (hiding).
 28521 | Spider:1 | 28521 ||| READING scroll labelled NUSTRA MOREQ.
 28614 | Spider:2 | 28614 ||| Stepping ~*~*~tactically~*~*~ (stealth).
 28620 | Spider:2 | 28620 ||| INVOKING Heroism.
 28636 | Spider:2 | Reached skill level 18 in Axes
 28789 | Spider:2 | 28789 ||| Stepping ~*~*~tactically~*~*~ (stealth).
 28848 | Spider:2 | 28848 ||| Stepping ~*~*~tactically~*~*~ (stealth).
 29027 | Spider:2 | 29027 ||| READING scroll of acquirement.
 29027 | Spider:2 | 29027 ||| ACQUIRING +0 pair of boots of Objectivity {rCorr
                  | SInv}
 29027 | Spider:2 | Acquired the +0 pair of boots of Objectivity {rCorr SInv}
 29029 | Spider:2 | 29029 ||| UPGRADING to +0 pair of boots of Objectivity
                  | {rCorr SInv}.
 29039 | Spider:2 | 29039 ||| DROPPING +0 pair of boots of Surprise {Int+3}.
 29219 | Spider:2 | 29219 ||| Stepping ~*~*~tactically~*~*~ (stealth).
 29258 | Spider:2 | 29258 ||| Stepping ~*~*~tactically~*~*~ (hiding).
 29285 | Spider:2 | 29285 ||| DROPPING +1 cloak.
 29317 | Spider:2 | Reached XP level 17. HP: 83/108 MP: 24/24
 29318 | Spider:2 | 29318 ||| INVOKING Heroism.
 29325 | Spider:2 | Received a gift from Okawaru
 29342 | Spider:2 | HP: 23/108 [emperor scorpion (10)]
 29343 | Spider:2 | 29343 ||| READING 11 scrolls of teleportation.
 29344 | Spider:2 | 29344 ||| DRINKING 12 potions of heal wounds.
 29352 | Spider:2 | HP: 25/108 [emperor scorpion (11)]
 29353 | Spider:2 | 29353 ||| READING 10 scrolls of teleportation.
 29354 | Spider:2 | 29354 ||| DRINKING 11 potions of heal wounds.
 29501 | Spider:2 | 29501 ||| Stepping ~*~*~tactically~*~*~ (stealth).
 29574 | Spider:2 | 29574 ||| INVOKING Heroism.
 29598 | Spider:2 | 29598 ||| INVOKING Heroism.
 29621 | Spider:2 | 29621 ||| Stepping ~*~*~tactically~*~*~ (stealth).
 29622 | Spider:2 | 29622 ||| Stepping ~*~*~tactically~*~*~ (stealth).
 29626 | Spider:2 | 29626 ||| Stepping ~*~*~tactically~*~*~ (stealth).
 29652 | Spider:2 | 29652 ||| Stepping ~*~*~tactically~*~*~ (stealth).
 29661 | Spider:2 | 29661 ||| INVOKING Finesse.
 29677 | Spider:2 | 29677 ||| Stepping ~*~*~tactically~*~*~ (hiding).
 29680 | Spider:2 | 29680 ||| INVOKING Heroism.
 29731 | Spider:2 | 29731 ||| INVOKING Finesse.
 29734 | Spider:2 | 29734 ||| INVOKING Heroism.
 29737 | Spider:2 | 29737 ||| Stepping ~*~*~tactically~*~*~ (stealth).
 29746 | Spider:2 | Reached skill level 14 in Fighting
 29753 | Spider:2 | 29753 ||| Stepping ~*~*~tactically~*~*~ (stealth).
 29754 | Spider:2 | 29754 ||| Stepping ~*~*~tactically~*~*~ (stealth).
 29758 | Spider:2 | Received a gift from Okawaru
 29777 | Spider:2 | 29777 ||| Stepping ~*~*~tactically~*~*~ (stealth).
 29780 | Spider:2 | 29780 ||| INVOKING Heroism.
 29794 | Spider:2 | 29794 ||| Stepping ~*~*~tactically~*~*~ (stealth).
 29795 | Spider:2 | 29795 ||| Stepping ~*~*~tactically~*~*~ (stealth).
 29803 | Spider:2 | 29803 ||| Stepping ~*~*~tactically~*~*~ (stealth).
 29873 | Spider:2 | 29873 ||| Stepping ~*~*~tactically~*~*~ (stealth).
 29875 | Spider:2 | 29875 ||| INVOKING Heroism.
 29883 | Spider:2 | 29883 ||| Stepping ~*~*~tactically~*~*~ (stealth).
 29884 | Spider:2 | 29884 ||| Stepping ~*~*~tactically~*~*~ (stealth).
 29921 | Spider:2 | 29921 ||| INVOKING Heroism.
 29996 | Spider:2 | 29996 ||| Stepping ~*~*~tactically~*~*~ (stealth).
 29997 | Spider:2 | 29997 ||| Stepping ~*~*~tactically~*~*~ (stealth).
 30120 | Spider:2 | 30120 ||| Stepping ~*~*~tactically~*~*~ (hiding).
 30124 | Spider:2 | 30124 ||| INVOKING Finesse.
 30302 | Spider:2 | Identified the +0 leather armour of the Maze {-Tele rF+
                  | Regen+ rCorr}
 30620 | Spider:3 | 30620 ||| Stepping ~*~*~tactically~*~*~ (stealth).
 30793 | Spider:3 | 30793 ||| INVOKING Heroism.
 30831 | Spider:3 | 30831 ||| INVOKING Heroism.
 31116 | Spider:3 | 31116 ||| INVOKING Heroism.
 31167 | Spider:3 | 31167 ||| INVOKING Heroism.
 31212 | Spider:3 | Received a gift from Okawaru
 31219 | Spider:3 | 31219 ||| INVOKING Heroism.
 31221 | Spider:3 | Reached skill level 15 in Fighting
 31235 | Spider:3 | 31235 ||| DROPPING +2 war axe of distortion.
 31495 | Spider:3 | 31495 ||| Stepping ~*~*~tactically~*~*~ (hiding).
 31710 | Spider:3 | 31710 ||| INVOKING Heroism.
 31807 | Spider:3 | 31807 ||| PLANNING SHOALS:1-3
 31807 | Spider:3 | 31807 ||| DROPPING ring of ice.
 31976 | Shoals:1 | Entered Level 1 of the Shoals
 31990 | Shoals:1 | Found Soji's General Store.
 32003 | Shoals:1 | 32003 ||| BUYING amulet "Esit Tagh" {RegenMP rF+} (440
                  | gold).
 32003 | Shoals:1 | Bought the amulet "Esit Tagh" {RegenMP rF+} for 440 gold
                  | pieces
 32003 | Shoals:1 | 32003 ||| BUYING potion of attraction (30 gold).
 32003 | Shoals:1 | Bought a potion of attraction for 30 gold pieces
 32003 | Shoals:1 | 32003 ||| BUYING potion of haste (100 gold).
 32003 | Shoals:1 | Bought a potion of haste for 100 gold pieces
 32045 | Shoals:1 | 32045 ||| Stepping ~*~*~tactically~*~*~ (hiding).
 32046 | Shoals:1 | 32046 ||| Stepping ~*~*~tactically~*~*~ (hiding).
 32049 | Shoals:1 | 32049 ||| INVOKING Heroism.
 32330 | Shoals:1 | 32330 ||| INVOKING Heroism.
 32438 | Shoals:1 | 32438 ||| Stepping ~*~*~tactically~*~*~ (stealth).
 32440 | Shoals:1 | 32440 ||| Stepping ~*~*~tactically~*~*~ (stealth).
 32565 | Shoals:1 | 32565 ||| Stepping ~*~*~tactically~*~*~ (hiding).
 32854 | Shoals:1 | Noticed Josephine
 32863 | Shoals:1 | Killed Josephine
 32988 | Shoals:2 | 32988 ||| INVOKING Heroism.
 33002 | Shoals:2 | Reached XP level 18. HP: 101/119 MP: 25/25
 33048 | Shoals:2 | 33048 ||| DROPPING +0 flail of holy wrath.
 33049 | Shoals:2 | 33049 ||| DROPPING +0 morningstar.
 33050 | Shoals:2 | 33050 ||| DROPPING +3 vampiric morningstar.
 33230 | Shoals:2 | 33230 ||| Stepping ~*~*~tactically~*~*~ (stealth).
 33234 | Shoals:2 | 33234 ||| INVOKING Heroism.
 33245 | Shoals:2 | Reached skill level 15 in Shields
 33306 | Shoals:2 | Received a gift from Okawaru
 33758 | Shoals:2 | 33758 ||| DROPPING ring of see invisible.
 33793 | Shoals:3 | Noticed Ilsuiw
 33794 | Shoals:3 | 33794 ||| INVOKING Heroism.
 33795 | Shoals:3 | 33795 ||| INVOKING Finesse.
 33830 | Shoals:3 | 33830 ||| INVOKING Heroism.
 33832 | Shoals:3 | Killed Ilsuiw
 33833 | Shoals:3 | Reached skill level 16 in Fighting
 33937 | Shoals:3 | 33937 ||| INVOKING Heroism.
 34279 | Shoals:3 | Noticed Donald
 34280 | Shoals:3 | 34280 ||| INVOKING Heroism.
 34281 | Shoals:3 | 34281 ||| INVOKING Finesse.
 34297 | Shoals:3 | Killed Donald
 34452 | Shoals:3 | 34452 ||| Stepping ~*~*~tactically~*~*~ (stealth).
 34504 | Shoals:3 | Identified the +4 shortbow of Courage {freeze, *Corrode
                  | Will+++}
 34537 | Shoals:3 | Identified the +0 crystal plate armour "Pumeur" {+Blink rC+
                  | Str+3} (Okawaru gifted it to you on level 3 of the Shoals)
 34537 | Shoals:3 | Received a gift from Okawaru
 34953 | Shoals:3 | 34953 ||| PLANNING SPIDER:4
 34953 | Shoals:3 | 34953 ||| UPGRADING to +2 pair of gloves.
 35169 | Spider:4 | Entered Level 4 of the Spider Nest
 35170 | Spider:4 | 35170 ||| INVOKING Heroism.
 35171 | Spider:4 | 35171 ||| INVOKING Finesse.
 35174 | Spider:4 | Reached skill level 15 in Armour
 35196 | Spider:4 | 35196 ||| Stepping ~*~*~tactically~*~*~ (hiding).
 35227 | Spider:4 | 35227 ||| INVOKING Finesse.
 35428 | Spider:4 | Noticed Arachne
 35429 | Spider:4 | 35429 ||| INVOKING Finesse.
 35437 | Spider:4 | Killed Arachne
 35494 | Spider:4 | 35494 ||| INVOKING Heroism.
 35572 | Spider:4 | 35572 ||| Stepping ~*~*~tactically~*~*~ (stealth).
 35574 | Spider:4 | 35574 ||| Stepping ~*~*~tactically~*~*~ (stealth).
 35582 | Spider:4 | 35582 ||| INVOKING Heroism.
 35661 | Spider:4 | 35661 ||| INVOKING Heroism.
 35711 | Spider:4 | 35711 ||| Stepping ~*~*~tactically~*~*~ (stealth).
 35735 | Spider:4 | 35735 ||| INVOKING Heroism.
 35780 | Spider:4 | 35780 ||| DRINKING potion of experience.
 35780 | Spider:4 | Reached skill level 17 in Fighting
 35780 | Spider:4 | Reached XP level 19. HP: 128/128 MP: 26/26
 35786 | Spider:4 | 35786 ||| INVOKING Heroism.
 35816 | Spider:4 | 35816 ||| Stepping ~*~*~tactically~*~*~ (stealth).
 35817 | Spider:4 | 35817 ||| Stepping ~*~*~tactically~*~*~ (stealth).
 35825 | Spider:4 | 35825 ||| DRINKING 3 potions of cancellation.
 36046 | Spider:4 | 36046 ||| INVOKING Heroism.
 36204 | Spider:4 | 36204 ||| INVOKING Heroism.
 36217 | Spider:4 | Reached XP level 20. HP: 48/134 MP: 27/27
 36223 | Spider:4 | HP: 30/134 [jumping spider simulacrum (14)]
 36224 | Spider:4 | 36224 ||| READING 13 scrolls of teleportation.
 36225 | Spider:4 | 36225 ||| DRINKING 11 potions of heal wounds.
 36231 | Spider:4 | Received a gift from Okawaru
 36311 | Spider:4 | 36311 ||| INVOKING Heroism.
 36902 | Spider:4 | Got a gossamer rune of Zot
 37264 | Spider:4 | 37264 ||| PLANNING VAULTS:1-4
 37264 | Spider:4 | 37264 ||| DROPPING +2 hat of willpower.
 37265 | Spider:4 | 37265 ||| DROPPING scarf of invisibility.
 37597 | Vaults:1 | Entered Level 1 of the Vaults
 37738 | Vaults:1 | Noticed Aizul
 37754 | Vaults:1 | Killed Aizul
 37914 | Vaults:1 | 37914 ||| Stepping ~*~*~tactically~*~*~ (stealth).
 37983 | Vaults:1 | 37983 ||| FLEEEEING.
 37984 | Vaults:1 | 37984 ||| FLEEEEING.
 37985 | Vaults:1 | 37985 ||| FLEEEEING.
 38011 | Vaults:1 | 38011 ||| FLEEEEING.
 38012 | Vaults:1 | 38012 ||| FLEEEEING.
 38029 | Vaults:1 | Reached skill level 18 in Fighting
 38221 | Vaults:1 | 38221 ||| INVOKING Heroism.
 38244 | Vaults:1 | HP: 25/136 [dire elephant (21)]
 38245 | Vaults:1 | 38245 ||| READING 13 scrolls of teleportation.
 38246 | Vaults:1 | 38246 ||| DRINKING 10 potions of heal wounds.
 38248 | Vaults:1 | Received a gift from Okawaru
 38510 | Vaults:1 | 38510 ||| Stepping ~*~*~tactically~*~*~ (stealth).
 38512 | Vaults:1 | 38512 ||| Stepping ~*~*~tactically~*~*~ (hiding).
 38523 | Vaults:1 | 38523 ||| Stepping ~*~*~tactically~*~*~ (hiding).
 38597 | Vaults:1 | Received a gift from Okawaru
 38649 | Vaults:1 | 38649 ||| READING scroll of enchant weapon.
 38649 | Vaults:1 | 38649 ||| ENCHANTING +6 broad axe of draining.
 38792 | Vaults:1 | Found Xiqet's Armour Emporium.
 38798 | Vaults:1 | 38798 ||| Stepping ~*~*~tactically~*~*~ (stealth).
 38799 | Vaults:1 | 38799 ||| Stepping ~*~*~tactically~*~*~ (stealth).
 38802 | Vaults:1 | 38802 ||| Stepping ~*~*~tactically~*~*~ (stealth).
 38804 | Vaults:1 | 38804 ||| Stepping ~*~*~tactically~*~*~ (stealth).
 38831 | Vaults:1 | 38831 ||| Stepping ~*~*~tactically~*~*~ (hiding).
 38848 | Vaults:1 | 38848 ||| FLEEEEING.
 38850 | Vaults:1 | 38850 ||| FLEEEEING.
 39156 | Vaults:1 | Found a transporter.
 39157 | Vaults:1 | Noticed qw's ghost (adept GrHu)
 39157 | Vaults:1 | Identified the +6 great mace of Amortisation {flame, rN+
                  | Str+6}
 39176 | Vaults:1 | 39176 ||| INVOKING Heroism.
 39210 | Vaults:1 | 39210 ||| Stepping ~*~*~tactically~*~*~ (stealth).
 39214 | Vaults:1 | Reached skill level 18 in Armour
 39391 | Vaults:1 | 39391 ||| Stepping ~*~*~tactically~*~*~ (hiding).
 39392 | Vaults:1 | 39392 ||| Stepping ~*~*~tactically~*~*~ (hiding).
 39393 | Vaults:1 | 39393 ||| Stepping ~*~*~tactically~*~*~ (stealth).
 39664 | Vaults:2 | 39664 ||| Stepping ~*~*~tactically~*~*~ (hiding).
 39666 | Vaults:2 | 39666 ||| Stepping ~*~*~tactically~*~*~ (hiding).
 39673 | Vaults:2 | 39673 ||| INVOKING Heroism.
 39676 | Vaults:2 | HP: 32/136 [crystal guardian/crystal bolt[a peacekeeper]
                  | (22)]
 39676 | Vaults:2 | HP: 14/136 [crystal guardian/crystal bolt[a peacekeeper]
                  | (18)]
 39677 | Vaults:2 | 39677 ||| READING 12 scrolls of teleportation.
 39677 | Vaults:2 | HP: 3/136 [crystal guardian/crystal bolt[a peacekeeper]
                  | (6)]
 39678 | Vaults:2 | 39678 ||| DRINKING 9 potions of heal wounds.
 39679 | Vaults:2 | 39679 ||| DRINKING 8 potions of heal wounds.
 39680 | Vaults:2 | 39680 ||| DRINKING 7 potions of heal wounds.
 39688 | Vaults:2 | 39688 ||| Stepping ~*~*~tactically~*~*~ (stealth).
 39987 | Vaults:2 | 39987 ||| Stepping ~*~*~tactically~*~*~ (hiding).
 40000 | Vaults:2 | Received a gift from Okawaru
 40002 | Vaults:2 | 40002 ||| Stepping ~*~*~tactically~*~*~ (stealth).
 40005 | Vaults:2 | 40005 ||| Stepping ~*~*~tactically~*~*~ (stealth).
 40006 | Vaults:2 | 40006 ||| Stepping ~*~*~tactically~*~*~ (stealth).
 40024 | Vaults:2 | 40024 ||| INVOKING Heroism.
 40178 | Vaults:2 | 40178 ||| FLEEEEING.
 40179 | Vaults:2 | 40179 ||| FLEEEEING.
 40180 | Vaults:2 | 40180 ||| FLEEEEING.
 40181 | Vaults:2 | 40181 ||| STAIRDANCE
 40320 | Vaults:2 | 40320 ||| STAIRDANCE
 40459 | Vaults:2 | 40459 ||| Stepping ~*~*~tactically~*~*~ (hiding).
 40587 | Vaults:2 | 40587 ||| Stepping ~*~*~tactically~*~*~ (stealth).
 40590 | Vaults:2 | 40590 ||| Stepping ~*~*~tactically~*~*~ (stealth).
 40596 | Vaults:2 | 40596 ||| Stepping ~*~*~tactically~*~*~ (hiding).
 40603 | Vaults:2 | Received a gift from Okawaru
 40612 | Vaults:2 | 40612 ||| INVOKING Heroism.
 40616 | Vaults:2 | HP: 20/137 [disintegration (45)]
 40617 | Vaults:2 | 40617 ||| READING 11 scrolls of teleportation.
 40618 | Vaults:2 | 40618 ||| DRINKING 6 potions of heal wounds.
 40619 | Vaults:2 | 40619 ||| DRINKING 14 potions of curing.
 40619 | Vaults:2 | 40619 ||| (to cure confusion)
 40717 | Vaults:2 | 40717 ||| FLEEEEING.
 40718 | Vaults:2 | 40718 ||| FLEEEEING.
 40719 | Vaults:2 | 40719 ||| FLEEEEING.
 40720 | Vaults:2 | 40720 ||| FLEEEEING.
 40721 | Vaults:2 | 40721 ||| FLEEEEING.
 40722 | Vaults:2 | 40722 ||| FLEEEEING.
 40736 | Vaults:2 | 40736 ||| FLEEEEING.
 40737 | Vaults:2 | 40737 ||| FLEEEEING.
 40738 | Vaults:2 | 40738 ||| FLEEEEING.
 40739 | Vaults:2 | 40739 ||| FLEEEEING.
 40740 | Vaults:2 | 40740 ||| FLEEEEING.
 40741 | Vaults:2 | 40741 ||| FLEEEEING.
 40742 | Vaults:2 | 40742 ||| FLEEEEING.
 40847 | Vaults:2 | 40847 ||| Stepping ~*~*~tactically~*~*~ (stealth).
 40969 | Vaults:2 | 40969 ||| INVOKING Heroism.
 40973 | Vaults:2 | Received a gift from Okawaru
 40976 | Vaults:2 | 40976 ||| Stepping ~*~*~tactically~*~*~ (hiding).
 40983 | Vaults:2 | Reached skill level 19 in Fighting
 40984 | Vaults:2 | 40984 ||| FLEEEEING.
 40989 | Vaults:2 | 40989 ||| Stepping ~*~*~tactically~*~*~ (hiding).
 40992 | Vaults:2 | 40992 ||| Stepping ~*~*~tactically~*~*~ (hiding).
 40994 | Vaults:2 | 40994 ||| Stepping ~*~*~tactically~*~*~ (hiding).
 40997 | Vaults:2 | 40997 ||| INVOKING Heroism.
 41316 | Vaults:2 | 41316 ||| Stepping ~*~*~tactically~*~*~ (hiding).
 41317 | Vaults:2 | 41317 ||| Stepping ~*~*~tactically~*~*~ (hiding).
 41318 | Vaults:2 | 41318 ||| Stepping ~*~*~tactically~*~*~ (hiding).
 41332 | Vaults:2 | Received a gift from Okawaru
 41369 | Vaults:2 | Reached skill level 9 in Throwing
 41387 | Vaults:2 | Reached XP level 21. HP: 109/144 MP: 28/28
 41690 | Vaults:2 | 41690 ||| Stepping ~*~*~tactically~*~*~ (hiding).
 41946 | Vaults:2 | 41946 ||| Stepping ~*~*~tactically~*~*~ (hiding).
 42139 | Vaults:2 | 42139 ||| INVOKING Heroism.
 42445 | Vaults:2 | Identified the +0 ring mail "Ofiatuwn" {rElec Str+3 Int+5}
 42512 | Vaults:2 | 42512 ||| DROPPING amulet of the acrobat.
 42531 | Vaults:3 | Noticed Sojobo
 42531 | Vaults:3 | 42531 ||| STAIRDANCE
 42679 | Vaults:3 | 42679 ||| INVOKING Heroism.
 42680 | Vaults:3 | 42680 ||| INVOKING Finesse.
 42703 | Vaults:3 | Killed Sojobo
 42890 | Vaults:3 | 42890 ||| INVOKING Heroism.
 42950 | Vaults:3 | 42950 ||| FLEEEEING.
 42951 | Vaults:3 | 42951 ||| FLEEEEING.
 42952 | Vaults:3 | 42952 ||| FLEEEEING.
 42990 | Vaults:3 | 42990 ||| INVOKING Heroism.
 43018 | Vaults:3 | HP: 31/144 [sphinx (16)]
 43019 | Vaults:3 | 43019 ||| READING 10 scrolls of teleportation.
 43020 | Vaults:3 | 43020 ||| DRINKING 5 potions of heal wounds.
 43081 | Vaults:3 | 43081 ||| Stepping ~*~*~tactically~*~*~ (stealth).
 43259 | Vaults:3 | Found a staircase to the Crypt.
 43429 | Vaults:3 | Received a gift from Okawaru
 43439 | Vaults:3 | Noticed Xtahua
 43449 | Vaults:3 | 43449 ||| INVOKING Heroism.
 43458 | Vaults:3 | Received a gift from Okawaru
 43459 | Vaults:3 | Killed Xtahua
 43460 | Vaults:3 | Reached skill level 20 in Fighting
 43494 | Vaults:3 | 43494 ||| INVOKING Heroism.
 43755 | Vaults:3 | 43755 ||| Stepping ~*~*~tactically~*~*~ (stealth).
 43758 | Vaults:3 | 43758 ||| INVOKING Heroism.
 43813 | Vaults:3 | Received a gift from Okawaru
 44027 | Vaults:3 | 44027 ||| Stepping ~*~*~tactically~*~*~ (stealth).
 44253 | Vaults:3 | 44253 ||| FLEEEEING.
 44254 | Vaults:3 | 44254 ||| FLEEEEING.
 44255 | Vaults:3 | 44255 ||| FLEEEEING.
 44256 | Vaults:3 | 44256 ||| FLEEEEING.
 44257 | Vaults:3 | 44257 ||| FLEEEEING.
 44259 | Vaults:3 | 44259 ||| FLEEEEING.
 44260 | Vaults:3 | 44260 ||| FLEEEEING.
 44261 | Vaults:3 | 44261 ||| FLEEEEING.
 44262 | Vaults:3 | 44262 ||| FLEEEEING.
 44263 | Vaults:3 | 44263 ||| FLEEEEING.
 44264 | Vaults:3 | 44264 ||| FLEEEEING.
 44265 | Vaults:3 | 44265 ||| FLEEEEING.
 44266 | Vaults:3 | 44266 ||| FLEEEEING.
 44267 | Vaults:3 | 44267 ||| FLEEEEING.
 44268 | Vaults:3 | 44268 ||| FLEEEEING.
 44269 | Vaults:3 | 44269 ||| FLEEEEING.
 44270 | Vaults:3 | 44270 ||| FLEEEEING.
 44271 | Vaults:3 | 44271 ||| FLEEEEING.
 44272 | Vaults:3 | 44272 ||| FLEEEEING.
 44273 | Vaults:3 | 44273 ||| FLEEEEING.
 44274 | Vaults:3 | 44274 ||| FLEEEEING.
 44745 | Vaults:4 | 44745 ||| Stepping ~*~*~tactically~*~*~ (hiding).
 44752 | Vaults:4 | Paralysed by a great orb of eyes for 5 turns
 44758 | Vaults:4 | 44758 ||| DRINKING 14 potions of curing.
 44758 | Vaults:4 | 44758 ||| (to cure confusion)
 44761 | Vaults:4 | Received a gift from Okawaru
 44896 | Vaults:4 | 44896 ||| FLEEEEING.
 44897 | Vaults:4 | 44897 ||| FLEEEEING.
 44898 | Vaults:4 | 44898 ||| FLEEEEING.
 44899 | Vaults:4 | 44899 ||| FLEEEEING.
 44900 | Vaults:4 | 44900 ||| FLEEEEING.
 44901 | Vaults:4 | 44901 ||| FLEEEEING.
 44902 | Vaults:4 | 44902 ||| FLEEEEING.
 44903 | Vaults:4 | 44903 ||| FLEEEEING.
 44904 | Vaults:4 | 44904 ||| FLEEEEING.
 44905 | Vaults:4 | 44905 ||| FLEEEEING.
 44906 | Vaults:4 | 44906 ||| FLEEEEING.
 44907 | Vaults:4 | 44907 ||| FLEEEEING.
 44908 | Vaults:4 | 44908 ||| FLEEEEING.
 44909 | Vaults:4 | 44909 ||| FLEEEEING.
 44910 | Vaults:4 | 44910 ||| FLEEEEING.
 44921 | Vaults:4 | 44921 ||| FLEEEEING.
 44922 | Vaults:4 | 44922 ||| FLEEEEING.
 44923 | Vaults:4 | 44923 ||| FLEEEEING.
 44924 | Vaults:4 | 44924 ||| FLEEEEING.
 44925 | Vaults:4 | 44925 ||| FLEEEEING.
 44926 | Vaults:4 | 44926 ||| INVOKING Heroism.
 44953 | Vaults:4 | 44953 ||| INVOKING Heroism.
 45191 | Abyss:2  | Cast into level 2 of the Abyss (a wizard)
 45358 | Abyss:2  | 45358 ||| INVOKING Heroism.
 45383 | Abyss:2  | HP: 36/146 [large abomination (8)]
 45384 | Abyss:2  | 45384 ||| READING 10 scrolls of teleportation.
 45385 | Abyss:2  | 45385 ||| DRINKING 5 potions of heal wounds.
 45402 | Abyss:2  | 45402 ||| Stepping ~*~*~tactically~*~*~ (stealth).
 45409 | Abyss:2  | 45409 ||| INVOKING Heroism.
 45433 | Abyss:2  | 45433 ||| Stepping ~*~*~tactically~*~*~ (stealth).
 45473 | Abyss:2  | 45473 ||| INVOKING Heroism.
 45502 | Abyss:2  | 45502 ||| Stepping ~*~*~tactically~*~*~ (stealth).
 45503 | Abyss:2  | 45503 ||| Stepping ~*~*~tactically~*~*~ (stealth).
 45504 | Abyss:2  | 45504 ||| Stepping ~*~*~tactically~*~*~ (stealth).
 45530 | Abyss:2  | 45530 ||| Stepping ~*~*~tactically~*~*~ (stealth).
 45538 | Abyss:2  | 45538 ||| Stepping ~*~*~tactically~*~*~ (stealth).
 45547 | Abyss:2  | 45547 ||| Stepping ~*~*~tactically~*~*~ (stealth).
 45555 | Abyss:2  | 45555 ||| Stepping ~*~*~tactically~*~*~ (stealth).
 45556 | Abyss:2  | 45556 ||| Stepping ~*~*~tactically~*~*~ (stealth).
 45558 | Abyss:2  | 45558 ||| Stepping ~*~*~tactically~*~*~ (stealth).
 45559 | Abyss:2  | 45559 ||| Stepping ~*~*~tactically~*~*~ (stealth).
 45592 | Abyss:2  | 45592 ||| Stepping ~*~*~tactically~*~*~ (stealth).
 45595 | Abyss:2  | 45595 ||| Stepping ~*~*~tactically~*~*~ (hiding).
 45612 | Abyss:2  | Reached XP level 22. HP: 127/152 MP: 29/29
 45635 | Abyss:2  | 45635 ||| Stepping ~*~*~tactically~*~*~ (stealth).
 45636 | Abyss:2  | 45636 ||| Stepping ~*~*~tactically~*~*~ (stealth).
 45641 | Abyss:2  | 45641 ||| Stepping ~*~*~tactically~*~*~ (stealth).
 45643 | Abyss:2  | 45643 ||| Stepping ~*~*~tactically~*~*~ (stealth).
 45644 | Abyss:2  | 45644 ||| Stepping ~*~*~tactically~*~*~ (stealth).
 45694 | Abyss:2  | Gained mutation: You are robust. (+10% HP) [a neqoxec]
 45695 | Vaults:4 | Escaped the Abyss
 45698 | Vaults:4 | Received a gift from Okawaru
 45940 | Vaults:4 | 45940 ||| Stepping ~*~*~tactically~*~*~ (hiding).
 45960 | Vaults:4 | 45960 ||| FLEEEEING.
 45961 | Vaults:4 | 45961 ||| FLEEEEING.
 45963 | Vaults:4 | 45963 ||| FLEEEEING.
 45964 | Vaults:4 | 45964 ||| FLEEEEING.
 45965 | Vaults:4 | 45965 ||| FLEEEEING.
 45966 | Vaults:4 | 45966 ||| FLEEEEING.
 45967 | Vaults:4 | 45967 ||| FLEEEEING.
 45968 | Vaults:4 | 45968 ||| FLEEEEING.
 45969 | Vaults:4 | 45969 ||| FLEEEEING.
 45970 | Vaults:4 | 45970 ||| FLEEEEING.
 45971 | Vaults:4 | 45971 ||| FLEEEEING.
 45972 | Vaults:4 | 45972 ||| FLEEEEING.
 45973 | Vaults:4 | 45973 ||| FLEEEEING.
 45974 | Vaults:4 | 45974 ||| FLEEEEING.
 45975 | Vaults:4 | 45975 ||| FLEEEEING.
 45976 | Vaults:4 | 45976 ||| FLEEEEING.
 45977 | Vaults:4 | 45977 ||| FLEEEEING.
 45978 | Vaults:4 | 45978 ||| FLEEEEING.
 45979 | Vaults:4 | 45979 ||| FLEEEEING.
 45980 | Vaults:4 | 45980 ||| FLEEEEING.
 45981 | Vaults:4 | 45981 ||| FLEEEEING.
 45982 | Vaults:4 | 45982 ||| FLEEEEING.
 45983 | Vaults:4 | 45983 ||| FLEEEEING.
 45984 | Vaults:4 | 45984 ||| FLEEEEING.
 45985 | Vaults:4 | 45985 ||| FLEEEEING.
 45986 | Vaults:4 | 45986 ||| FLEEEEING.
 45987 | Vaults:4 | 45987 ||| FLEEEEING.
 45988 | Vaults:4 | 45988 ||| FLEEEEING.
 45989 | Vaults:4 | 45989 ||| FLEEEEING.
 45990 | Vaults:4 | 45990 ||| FLEEEEING.
 45991 | Vaults:4 | 45991 ||| FLEEEEING.
 46002 | Vaults:4 | 46002 ||| FLEEEEING.
 46003 | Vaults:4 | 46003 ||| FLEEEEING.
 46004 | Vaults:4 | 46004 ||| FLEEEEING.
 46015 | Vaults:4 | 46015 ||| FLEEEEING.
 46016 | Vaults:4 | 46016 ||| FLEEEEING.
 46017 | Vaults:4 | 46017 ||| FLEEEEING.
 46133 | Vaults:4 | 46133 ||| Stepping ~*~*~tactically~*~*~ (hiding).
 46324 | Vaults:4 | 46324 ||| Stepping ~*~*~tactically~*~*~ (hiding).
 46344 | Vaults:4 | 46344 ||| INVOKING Heroism.
 46560 | Vaults:4 | 46560 ||| Stepping ~*~*~tactically~*~*~ (stealth).
 46577 | Vaults:4 | 46577 ||| DROPPING +0 broad axe.
 46644 | Vaults:4 | Noticed Frederick
 46645 | Vaults:4 | 46645 ||| INVOKING Heroism.
 46646 | Vaults:4 | 46646 ||| INVOKING Finesse.
 46647 | Vaults:4 | 46647 ||| INVOKING Finesse.
 46655 | Vaults:4 | Killed Frederick
 47022 | Vaults:4 | Found Topsofen's General Store.
 47034 | Vaults:4 | 47034 ||| BUYING potion of curing (45 gold).
 47034 | Vaults:4 | Bought a potion of curing for 45 gold pieces
 47292 | Vaults:5 | Entered Level 5 of the Vaults
 47293 | Vaults:5 | 47293 ||| PLANNING SHOALS:4
 47300 | Vaults:5 | 47300 ||| STAIRDANCE
 47300 | Vaults:5 | Noticed an ancient lich
 47308 | Vaults:4 | Received a gift from Okawaru
 47418 | Vaults:4 | 47418 ||| UPGRADING to +0 tower shield.
 47428 | Vaults:4 | 47428 ||| DROPPING +0 kite shield.
 47759 | Shoals:4 | Entered Level 4 of the Shoals
 47772 | Shoals:4 | Reached skill level 18 in Shields
 47789 | Shoals:4 | 47789 ||| Stepping ~*~*~tactically~*~*~ (stealth).
 47838 | Shoals:4 | 47838 ||| Stepping ~*~*~tactically~*~*~ (hiding).
 47840 | Shoals:4 | 47840 ||| Stepping ~*~*~tactically~*~*~ (hiding).
 47841 | Shoals:4 | 47841 ||| Stepping ~*~*~tactically~*~*~ (hiding).
 47842 | Shoals:4 | 47842 ||| Stepping ~*~*~tactically~*~*~ (hiding).
 47843 | Shoals:4 | 47843 ||| Stepping ~*~*~tactically~*~*~ (hiding).
 47882 | Shoals:4 | 47882 ||| READING scroll of enchant weapon.
 47882 | Shoals:4 | 47882 ||| ENCHANTING +7 broad axe of draining.
 47911 | Shoals:4 | 47911 ||| Stepping ~*~*~tactically~*~*~ (hiding).
 47917 | Shoals:4 | Received a gift from Okawaru
 47932 | Shoals:4 | 47932 ||| READING scroll of enchant weapon.
 47932 | Shoals:4 | 47932 ||| ENCHANTING +8 broad axe of draining.
 47959 | Shoals:4 | 47959 ||| Stepping ~*~*~tactically~*~*~ (hiding).
 48116 | Shoals:4 | 48116 ||| Stepping ~*~*~tactically~*~*~ (hiding).
 48122 | Shoals:4 | 48122 ||| FLEEEEING.
 48128 | Shoals:4 | 48128 ||| FLEEEEING.
 48129 | Shoals:4 | 48129 ||| FLEEEEING.
 48133 | Shoals:4 | 48133 ||| Stepping ~*~*~tactically~*~*~ (hiding).
 48134 | Shoals:4 | 48134 ||| Stepping ~*~*~tactically~*~*~ (hiding).
 48137 | Shoals:4 | 48137 ||| Stepping ~*~*~tactically~*~*~ (hiding).
 48202 | Shoals:4 | 48202 ||| Stepping ~*~*~tactically~*~*~ (hiding).
 48216 | Shoals:4 | Noticed Mara
 48217 | Shoals:4 | 48217 ||| INVOKING Heroism.
 48218 | Shoals:4 | 48218 ||| INVOKING Finesse.
 48227 | Shoals:4 | Noticed qw's illusion
 48244 | Shoals:4 | Killed Mara
 48244 | Shoals:4 | Received a gift from Okawaru
 48438 | Shoals:4 | Noticed Mlioglotl
 48439 | Shoals:4 | 48439 ||| Stepping ~*~*~tactically~*~*~ (hiding).
 48446 | Shoals:4 | 48446 ||| Stepping ~*~*~tactically~*~*~ (hiding).
 48454 | Shoals:4 | Killed Mlioglotl
 48454 | Shoals:4 | Received a gift from Okawaru
 48517 | Shoals:4 | 48517 ||| INVOKING Heroism.
 48518 | Shoals:4 | 48518 ||| INVOKING Finesse.
 48789 | Shoals:4 | Got a barnacled rune of Zot
 48852 | Shoals:4 | 48852 ||| Stepping ~*~*~tactically~*~*~ (hiding).
 48862 | Shoals:4 | Identified the +1 battleaxe of Xecymon {chaos, *Noise rPois
                  | Dex+3} (Okawaru gifted it to you on level 4 of the Shoals)
 48862 | Shoals:4 | Received a gift from Okawaru
 49169 | Shoals:4 | 49169 ||| PLANNING DEPTHS
 49169 | Shoals:4 | 49169 ||| DROPPING +2 pair of gloves.
 49499 | Depths:1 | Entered Level 1 of the Depths
 49516 | Depths:1 | 49516 ||| INVOKING Heroism.
 49517 | Depths:1 | 49517 ||| INVOKING Finesse.
 49578 | Depths:1 | 49578 ||| FLEEEEING.
 49579 | Depths:1 | 49579 ||| STAIRDANCE
 49646 | Depths:1 | 49646 ||| Stepping ~*~*~tactically~*~*~ (stealth).
 49701 | Depths:1 | 49701 ||| INVOKING Heroism.
 49935 | Depths:1 | Identified the +8 morningstar of Attainder {venom, *Slow
                  | Will+ Str+3 Dex+3}
 49946 | Depths:1 | Found a gateway to Hell.
 50034 | Depths:1 | Found a shimmering altar of Xom.
 50087 | Depths:1 | 50087 ||| INVOKING Heroism.
 50089 | Depths:1 | 50089 ||| Stepping ~*~*~tactically~*~*~ (hiding).
 50090 | Depths:1 | 50090 ||| Stepping ~*~*~tactically~*~*~ (stealth).
 50091 | Depths:1 | 50091 ||| Stepping ~*~*~tactically~*~*~ (stealth).
 50166 | Depths:1 | 50166 ||| INVOKING Finesse.
 50250 | Depths:1 | 50250 ||| Stepping ~*~*~tactically~*~*~ (stealth).
 50254 | Depths:1 | 50254 ||| Stepping ~*~*~tactically~*~*~ (stealth).
 50257 | Depths:1 | 50257 ||| INVOKING Heroism.
 50258 | Depths:1 | 50258 ||| Stepping ~*~*~tactically~*~*~ (hiding).
 50266 | Depths:1 | Received a gift from Okawaru
 50267 | Depths:1 | 50267 ||| Stepping ~*~*~tactically~*~*~ (hiding).
 50271 | Depths:1 | Reached XP level 23. HP: 174/174 MP: 30/30
 50381 | Depths:1 | Found an opulent altar of Gozag.
 50584 | Depths:1 | 50584 ||| Stepping ~*~*~tactically~*~*~ (stealth).
 50585 | Depths:1 | Paralysed by an air elemental for 1 turns
 50649 | Depths:1 | 50649 ||| Stepping ~*~*~tactically~*~*~ (stealth).
 50650 | Depths:1 | 50650 ||| INVOKING Heroism.
 50793 | Depths:1 | 50793 ||| READING 2 scrolls labelled IWIOHAFREER.
 50794 | Depths:1 | 50794 ||| DROPPING scroll of butterflies.
 50841 | Depths:2 | 50841 ||| Stepping ~*~*~tactically~*~*~ (stealth).
 50842 | Depths:2 | 50842 ||| Stepping ~*~*~tactically~*~*~ (stealth).
 50844 | Depths:2 | 50844 ||| Stepping ~*~*~tactically~*~*~ (hiding).
 50855 | Depths:2 | 50855 ||| INVOKING Heroism.
 50856 | Depths:2 | 50856 ||| INVOKING Finesse.
 50858 | Depths:2 | Reached skill level 21 in Shields
 50868 | Depths:2 | 50868 ||| Stepping ~*~*~tactically~*~*~ (hiding).
 51075 | Depths:2 | Reached skill level 21 in Fighting
 51105 | Depths:2 | Found a one-way gate leading to the halls of Pandemonium.
 51106 | Depths:2 | 51106 ||| INVOKING Heroism.
 51121 | Depths:2 | 51121 ||| INVOKING Heroism.
 51499 | Depths:2 | Paralysed by a sphinx for 5 turns
 51525 | Depths:2 | 51525 ||| INVOKING Heroism.
 51561 | Depths:2 | 51561 ||| Stepping ~*~*~tactically~*~*~ (hiding).
 51564 | Depths:2 | 51564 ||| Stepping ~*~*~tactically~*~*~ (hiding).
 51601 | Depths:2 | 51601 ||| Stepping ~*~*~tactically~*~*~ (hiding).
 51605 | Depths:2 | 51605 ||| INVOKING Heroism.
 51626 | Depths:2 | Noticed a golden dragon
 51627 | Depths:2 | 51627 ||| Stepping ~*~*~tactically~*~*~ (hiding).
 51634 | Depths:2 | Killed a golden dragon
 51876 | Depths:2 | 51876 ||| Stepping ~*~*~tactically~*~*~ (hiding).
 51918 | Depths:2 | Found a runed translucent door.
 51919 | Depths:2 | Noticed a juggernaut
 51921 | Depths:2 | Found a runed translucent door.
 51931 | Depths:2 | 51931 ||| Stepping ~*~*~tactically~*~*~ (hiding).
 51935 | Depths:2 | 51935 ||| INVOKING Heroism.
 52051 | Depths:2 | 52051 ||| Stepping ~*~*~tactically~*~*~ (stealth).
 52052 | Depths:2 | 52052 ||| INVOKING Heroism.
 52087 | Depths:2 | Noticed a golden dragon
 52100 | Depths:2 | 52100 ||| INVOKING Heroism.
 52107 | Depths:2 | Killed a golden dragon
 52108 | Depths:2 | Reached skill level 21 in Armour
 52126 | Depths:2 | 52126 ||| Stepping ~*~*~tactically~*~*~ (stealth).
 52157 | Depths:2 | Identified the +6 scimitar "Ceesan" {freeze, *Corrode rElec
                  | rF+ rC+}
 52158 | Depths:2 | 52158 ||| Stepping ~*~*~tactically~*~*~ (stealth).
 52162 | Depths:2 | Noticed a golden dragon
 52166 | Depths:2 | 52166 ||| INVOKING Finesse.
 52172 | Depths:2 | Killed a golden dragon
 52178 | Depths:2 | 52178 ||| INVOKING Heroism.
 52179 | Depths:2 | Noticed a caustic shrike
 52186 | Depths:2 | Received a gift from Okawaru
 52186 | Depths:2 | Identified the +6 hand axe "Opylu" {flame, Will+ rCorr}
 52202 | Depths:2 | Killed a caustic shrike
 52226 | Depths:2 | 52226 ||| Stepping ~*~*~tactically~*~*~ (hiding).
 52367 | Depths:2 | 52367 ||| FLEEEEING.
 52368 | Depths:2 | 52368 ||| FLEEEEING.
 52373 | Depths:2 | 52373 ||| FLEEEEING.
 52374 | Depths:2 | 52374 ||| FLEEEEING.
 52375 | Depths:2 | 52375 ||| INVOKING Heroism.
 52386 | Depths:2 | Received a gift from Okawaru
 54015 | Depths:3 | Received a gift from Okawaru
 54086 | Depths:3 | Found Qagahys's Weapon Boutique.
 54092 | Depths:3 | 54092 ||| Stepping ~*~*~tactically~*~*~ (hiding).
 54096 | Depths:3 | 54096 ||| Stepping ~*~*~tactically~*~*~ (stealth).
 54109 | Depths:3 | 54109 ||| INVOKING Heroism.
 54142 | Depths:3 | 54142 ||| Stepping ~*~*~tactically~*~*~ (stealth).
 54143 | Depths:3 | 54143 ||| Stepping ~*~*~tactically~*~*~ (stealth).
 54336 | Depths:3 | 54336 ||| INVOKING Heroism.
 54411 | Depths:3 | Found a one-way gate to the infinite horrors of the Abyss.
 54411 | Depths:3 | Noticed Louise
 54412 | Depths:3 | 54412 ||| INVOKING Heroism.
 54425 | Depths:3 | Killed Louise
 54446 | Depths:3 | Identified the +6 falchion of Cruel Justice {heavy, +Blink
                  | rCorr}
 54467 | Depths:3 | 54467 ||| INVOKING Heroism.
 54472 | Depths:3 | 54472 ||| Stepping ~*~*~tactically~*~*~ (hiding).
 54473 | Depths:3 | 54473 ||| Stepping ~*~*~tactically~*~*~ (hiding).
 54512 | Depths:3 | 54512 ||| Stepping ~*~*~tactically~*~*~ (stealth).
 54515 | Depths:3 | 54515 ||| Stepping ~*~*~tactically~*~*~ (stealth).
 54569 | Depths:3 | 54569 ||| Stepping ~*~*~tactically~*~*~ (stealth).
 54581 | Depths:3 | Received a gift from Okawaru
 54596 | Depths:3 | 54596 ||| Stepping ~*~*~tactically~*~*~ (cloud).
 54749 | Depths:3 | 54749 ||| INVOKING Heroism.
 54785 | Depths:3 | 54785 ||| Stepping ~*~*~tactically~*~*~ (hiding).
 54826 | Depths:3 | Noticed a juggernaut
 54827 | Depths:3 | 54827 ||| INVOKING Heroism.
 54843 | Depths:3 | Killed a juggernaut
 54853 | Depths:3 | Noticed a caustic shrike
 54864 | Depths:3 | Killed a caustic shrike
 54864 | Depths:3 | Received a gift from Okawaru
 54885 | Depths:3 | Identified the staff of Lust {rElec rPois rF- rN++ Poison}
 54886 | Depths:3 | Identified the +6 sling of the Endless March {drain, rElec
                  | rF- rN+ Int+7}
 54964 | Depths:3 | 54964 ||| FLEEEEING.
 54965 | Depths:3 | 54965 ||| FLEEEEING.
 54977 | Depths:3 | 54977 ||| FLEEEEING.
 54980 | Depths:3 | 54980 ||| FLEEEEING.
 54981 | Depths:3 | 54981 ||| FLEEEEING.
 54982 | Depths:3 | 54982 ||| FLEEEEING.
 54984 | Depths:3 | 54984 ||| FLEEEEING.
 54985 | Depths:3 | 54985 ||| FLEEEEING.
 54986 | Depths:3 | 54986 ||| FLEEEEING.
 55019 | Depths:3 | Reached skill level 12 in Throwing
 55140 | Depths:3 | 55140 ||| DROPPING +4 ring of slaying {mikee}.
 55142 | Depths:3 | 55142 ||| INVOKING Heroism.
 55146 | Depths:3 | Reached skill level 22 in Fighting
 55391 | Depths:4 | Entered Level 4 of the Depths
 55416 | Depths:4 | 55416 ||| Stepping ~*~*~tactically~*~*~ (hiding).
 55478 | Depths:4 | 55478 ||| Stepping ~*~*~tactically~*~*~ (stealth).
 55480 | Depths:4 | 55480 ||| Stepping ~*~*~tactically~*~*~ (stealth).
 55482 | Depths:4 | 55482 ||| Stepping ~*~*~tactically~*~*~ (hiding).
 55484 | Depths:4 | 55484 ||| Stepping ~*~*~tactically~*~*~ (hiding).
 55507 | Depths:4 | Noticed Boris
 55508 | Depths:4 | 55508 ||| FLEEEEING.
 55570 | Depths:4 | Noticed Parghit
 55571 | Depths:4 | 55571 ||| Stepping ~*~*~tactically~*~*~ (hiding).
 55574 | Depths:4 | 55574 ||| INVOKING Heroism.
 55576 | Depths:4 | 55576 ||| Stepping ~*~*~tactically~*~*~ (hiding).
 55610 | Depths:4 | HP: 41/178 [Parghit (13)]
 55611 | Depths:4 | 55611 ||| READING 9 scrolls of teleportation.
 55612 | Depths:4 | 55612 ||| DRINKING 4 potions of heal wounds.
 55846 | Depths:4 | 55846 ||| INVOKING Heroism.
 55870 | Depths:4 | HP: 39/178 [frost giant/bolt of cold (11)]
 55871 | Depths:4 | 55871 ||| READING 8 scrolls of teleportation.
 55872 | Depths:4 | 55872 ||| DRINKING 3 potions of heal wounds.
 56206 | Depths:4 | 56206 ||| Stepping ~*~*~tactically~*~*~ (hiding).
 56207 | Depths:4 | 56207 ||| Stepping ~*~*~tactically~*~*~ (hiding).
 56210 | Depths:4 | 56210 ||| Stepping ~*~*~tactically~*~*~ (hiding).
 56218 | Depths:4 | Reached XP level 24. HP: 184/184 MP: 30/30
 56246 | Depths:4 | 56246 ||| Stepping ~*~*~tactically~*~*~ (stealth).
 56248 | Depths:4 | 56248 ||| Stepping ~*~*~tactically~*~*~ (hiding).
 56281 | Depths:4 | Received a gift from Okawaru
 56285 | Depths:4 | 56285 ||| INVOKING Heroism.
 56313 | Depths:4 | 56313 ||| Stepping ~*~*~tactically~*~*~ (hiding).
 56314 | Depths:4 | 56314 ||| Stepping ~*~*~tactically~*~*~ (hiding).
 56316 | Depths:4 | 56316 ||| Stepping ~*~*~tactically~*~*~ (hiding).
 56338 | Depths:4 | 56338 ||| Stepping ~*~*~tactically~*~*~ (stealth).
 56356 | Depths:4 | 56356 ||| Stepping ~*~*~tactically~*~*~ (stealth).
 56357 | Depths:4 | 56357 ||| Stepping ~*~*~tactically~*~*~ (stealth).
 56358 | Depths:4 | 56358 ||| Stepping ~*~*~tactically~*~*~ (stealth).
 56359 | Depths:4 | 56359 ||| Stepping ~*~*~tactically~*~*~ (stealth).
 56362 | Depths:4 | Identified the +5 long sword of Cobbu {antimagic, Int+4}
 56363 | Depths:4 | 56363 ||| Stepping ~*~*~tactically~*~*~ (stealth).
 56365 | Depths:4 | 56365 ||| Stepping ~*~*~tactically~*~*~ (hiding).
 56366 | Depths:4 | 56366 ||| INVOKING Heroism.
 56381 | Depths:4 | Killed Boris
 56403 | Depths:4 | 56403 ||| INVOKING Heroism.
 56443 | Depths:4 | Killed Parghit
 56468 | Depths:4 | 56468 ||| INVOKING Heroism.
 56525 | Depths:4 | 56525 ||| Stepping ~*~*~tactically~*~*~ (hiding).
 56529 | Depths:4 | 56529 ||| INVOKING Heroism.
 56537 | Depths:4 | 56537 ||| Stepping ~*~*~tactically~*~*~ (hiding).
 56546 | Depths:4 | 56546 ||| Stepping ~*~*~tactically~*~*~ (hiding).
 56558 | Depths:4 | 56558 ||| Stepping ~*~*~tactically~*~*~ (hiding).
 56560 | Depths:4 | Found a gate to the Realm of Zot.
 56590 | Depths:4 | Received a gift from Okawaru
 56664 | Depths:4 | 56664 ||| Stepping ~*~*~tactically~*~*~ (stealth).
 56665 | Depths:4 | 56665 ||| Stepping ~*~*~tactically~*~*~ (stealth).
 56667 | Depths:4 | 56667 ||| Stepping ~*~*~tactically~*~*~ (hiding).
 56677 | Depths:4 | Noticed Margery
 56688 | Depths:4 | Killed Margery
 56689 | Depths:4 | 56689 ||| Stepping ~*~*~tactically~*~*~ (hiding).
 56698 | Depths:4 | 56698 ||| Stepping ~*~*~tactically~*~*~ (hiding).
 56795 | Depths:4 | 56795 ||| Stepping ~*~*~tactically~*~*~ (stealth).
 56796 | Depths:4 | 56796 ||| Stepping ~*~*~tactically~*~*~ (stealth).
 56813 | Depths:4 | 56813 ||| FLEEEEING.
 56814 | Depths:4 | 56814 ||| FLEEEEING.
 56815 | Depths:4 | 56815 ||| FLEEEEING.
 56816 | Depths:4 | 56816 ||| FLEEEEING.
 56817 | Depths:4 | 56817 ||| FLEEEEING.
 56818 | Depths:4 | 56818 ||| Stepping ~*~*~tactically~*~*~ (hiding).
 56819 | Depths:4 | 56819 ||| FLEEEEING.
 56820 | Depths:4 | 56820 ||| Stepping ~*~*~tactically~*~*~ (hiding).
 56821 | Depths:4 | 56821 ||| FLEEEEING.
 56822 | Depths:4 | 56822 ||| Stepping ~*~*~tactically~*~*~ (hiding).
 56892 | Depths:4 | Found a one-way gateway to a ziggurat.
 57010 | Depths:4 | Found a hazy altar of Hepliaklqana.
 57140 | Depths:4 | 57140 ||| PLANNING VAULTS:5
 57140 | Depths:4 | 57140 ||| UPGRADING to +9 gold dragon scales.
 57150 | Depths:4 | 57150 ||| DROPPING +0 crystal plate armour "Pumeur" {+Blink
                  | rC+ Str+3}.
 57151 | Depths:4 | 57151 ||| DROPPING +8 plate armour of Osir {Dex+2}.
 57152 | Depths:4 | 57152 ||| DROPPING +0 gold dragon scales.
 57442 | Vaults:5 | 57442 ||| INVOKING Heroism.
 57451 | Vaults:5 | Received a gift from Okawaru
 57455 | Vaults:5 | 57455 ||| STAIRDANCE
 57460 | Vaults:4 | HP: 32/184 [ancient lich/crystal spear (27)]
 57461 | Vaults:4 | 57461 ||| READING 7 scrolls of teleportation.
 57462 | Vaults:4 | 57462 ||| DRINKING 2 potions of heal wounds.
 57786 | Vaults:5 | 57786 ||| INVOKING Heroism.
 57803 | Vaults:5 | 57803 ||| INVOKING Finesse.
 57826 | Vaults:5 | Received a gift from Okawaru
 57829 | Vaults:5 | Noticed an ancient lich
 57834 | Vaults:5 | Received a gift from Okawaru
 57837 | Vaults:5 | 57837 ||| STAIRDANCE
 57852 | Vaults:4 | 57852 ||| INVOKING Finesse.
 57855 | Vaults:4 | 57855 ||| INVOKING Heroism.
 57869 | Vaults:4 | Killed an ancient lich
 58086 | Vaults:5 | 58086 ||| INVOKING Heroism.
 58087 | Vaults:5 | 58087 ||| INVOKING Finesse.
 58090 | Vaults:5 | Received a gift from Okawaru
 58091 | Vaults:5 | Reached skill level 23 in Fighting
 58097 | Vaults:5 | Killed an ancient lich
 58114 | Vaults:5 | Received a gift from Okawaru
 58125 | Vaults:5 | 58125 ||| INVOKING Heroism.
 58144 | Vaults:5 | Reached XP level 25. HP: 147/193 MP: 26/30
 58151 | Vaults:5 | Received a gift from Okawaru
 58264 | Vaults:5 | 58264 ||| READING scroll of acquirement.
 58264 | Vaults:5 | 58264 ||| ACQUIRING ring "Coceohajiu" {rPois rC+ Will-
                  | rCorr Int+3}
 58264 | Vaults:5 | Acquired the ring "Coceohajiu" {rPois rC+ Will- rCorr
                  | Int+3}
 58340 | Vaults:5 | Identified the +8 glaive "Ymeumi" {drain, rF+}
 58358 | Vaults:5 | 58358 ||| INVOKING Heroism.
 58518 | Vaults:5 | 58518 ||| Stepping ~*~*~tactically~*~*~ (hiding).
 58519 | Vaults:5 | 58519 ||| Stepping ~*~*~tactically~*~*~ (hiding).
 58740 | Vaults:5 | 58740 ||| Stepping ~*~*~tactically~*~*~ (stealth).
 58741 | Vaults:5 | 58741 ||| INVOKING Heroism.
 58782 | Vaults:5 | Got a silver rune of Zot
 58851 | Vaults:5 | Found Wuizeok's Armour Emporium.
 58853 | Vaults:5 | Identified the +2 scale mail of Fun and Games {Str+4 Int+2}
 58876 | Vaults:5 | Reached skill level 24 in Fighting
 58933 | Vaults:5 | Identified the +0 scale mail of Icienah {-Tele Regen+ SInv
                  | Stlth+}
 59176 | Vaults:5 | 59176 ||| PLANNING SHOPPING SPREE
 59176 | Vaults:5 | 59176 ||| DROPPING +0 pair of gloves of hurling.
 59649 | D:2      | 59649 ||| BUYING amulet of the Four Winds {rN+ Will+++
                  | Clar} (607 gold).
 59649 | D:2      | Bought the amulet of the Four Winds {rN+ Will+++ Clar} for
                  | 607 gold pieces
 59649 | D:2      | Found the amulet of the Four Winds {rN+ Will+++ Clar}
 59649 | D:2      | 59649 ||| BUYING ring of protection from cold (250 gold).
 59649 | D:2      | Bought a ring of protection from cold for 250 gold pieces
 59649 | D:2      | 59649 ||| BUYING ring of resist corrosion (200 gold).
 59649 | D:2      | Bought a ring of resist corrosion for 200 gold pieces
 59649 | D:2      | 59649 ||| DROPPING ring of ice.
 59650 | D:2      | 59650 ||| PLANNING ZOT:1-4
 60044 | Zot:1    | Entered Level 1 of the Realm of Zot
 60054 | Zot:1    | 60054 ||| INVOKING Heroism.
 60172 | Zot:1    | Identified the +1 great sword of Gloom {venom, Dex+5}
 60198 | Zot:1    | 60198 ||| Stepping ~*~*~tactically~*~*~ (stealth).
 60729 | Zot:2    | Received a gift from Okawaru
 60737 | Zot:2    | 60737 ||| INVOKING Heroism.
 60788 | Zot:2    | 60788 ||| FLEEEEING.
 60864 | Zot:2    | 60864 ||| INVOKING Heroism.
 61014 | Zot:2    | 61014 ||| Stepping ~*~*~tactically~*~*~ (stealth).
 61019 | Zot:2    | 61019 ||| Stepping ~*~*~tactically~*~*~ (stealth).
 61123 | Zot:2    | 61123 ||| Stepping ~*~*~tactically~*~*~ (stealth).
 61124 | Zot:2    | 61124 ||| Stepping ~*~*~tactically~*~*~ (stealth).
 61129 | Zot:2    | Received a gift from Okawaru
 61386 | Zot:2    | 61386 ||| Stepping ~*~*~tactically~*~*~ (stealth).
 61531 | Zot:2    | You are sucked into a shaft and drop 2 floors!
 61552 | Zot:4    | 61552 ||| READING scroll of enchant armour.
 61552 | Zot:4    | 61552 ||| ENCHANTING +9 gold dragon scales.
 61656 | Zot:3    | 61656 ||| Stepping ~*~*~tactically~*~*~ (hiding).
 61657 | Zot:3    | 61657 ||| Stepping ~*~*~tactically~*~*~ (hiding).
 61662 | Zot:3    | 61662 ||| INVOKING Heroism.
 61704 | Zot:3    | Received a gift from Okawaru
 61997 | Zot:3    | 61997 ||| INVOKING Heroism.
 62013 | Zot:3    | 62013 ||| Stepping ~*~*~tactically~*~*~ (hiding).
 62020 | Zot:3    | 62020 ||| Stepping ~*~*~tactically~*~*~ (hiding).
 62025 | Zot:3    | Identified the +3 cloak of Perpetual Drought {rCorr}
 62056 | Zot:3    | Received a gift from Okawaru
 62057 | Zot:3    | Reached skill level 25 in Fighting
 62354 | Zot:3    | 62354 ||| UPGRADING to +3 cloak of Perpetual Drought
                  | {rCorr}.
 62364 | Zot:3    | 62364 ||| DROPPING +2 cloak.
 62493 | Zot:2    | 62493 ||| Stepping ~*~*~tactically~*~*~ (hiding).
 62500 | Zot:2    | 62500 ||| INVOKING Heroism.
 62639 | Zot:2    | 62639 ||| DROPPING +2 helmet.
 62711 | Zot:3    | Noticed a Killer Klown
 62712 | Zot:3    | 62712 ||| INVOKING Heroism.
 62713 | Zot:3    | 62713 ||| INVOKING Finesse.
 62730 | Zot:3    | Killed a Killer Klown
 62783 | Zot:3    | 62783 ||| Stepping ~*~*~tactically~*~*~ (hiding).
 62786 | Zot:3    | 62786 ||| INVOKING Heroism.
 62828 | Zot:3    | 62828 ||| INVOKING Heroism.
 62836 | Zot:3    | Reached skill level 15 in Throwing
 62875 | Zot:3    | 62875 ||| Stepping ~*~*~tactically~*~*~ (hiding).
 62880 | Zot:3    | 62880 ||| Stepping ~*~*~tactically~*~*~ (hiding).
 62882 | Zot:3    | 62882 ||| Stepping ~*~*~tactically~*~*~ (hiding).
 62956 | Zot:3    | Found a transporter.
 62987 | Zot:3    | Found a transporter.
 62987 | Zot:3    | Found the +0 mask of the Dragon {Will+ Slay+3 SInv}
 63010 | Zot:3    | Identified the +1 scale mail "Jaoshryly" {rF+}
 63298 | Zot:4    | 63298 ||| Stepping ~*~*~tactically~*~*~ (hiding).
 63311 | Zot:4    | 63311 ||| Stepping ~*~*~tactically~*~*~ (cloud).
 63379 | Zot:4    | 63379 ||| INVOKING Heroism.
 63402 | Zot:4    | HP: 41/200 [black draconian/+0 halberd[a green draconian
                  | monk] (17)]
 63403 | Zot:4    | 63403 ||| READING 12 scrolls of teleportation.
 63906 | Zot:4    | 63906 ||| Stepping ~*~*~tactically~*~*~ (stealth).
 63910 | Zot:4    | 63910 ||| Stepping ~*~*~tactically~*~*~ (hiding).
 63913 | Zot:4    | 63913 ||| Stepping ~*~*~tactically~*~*~ (hiding).
 64037 | Zot:4    | 64037 ||| Stepping ~*~*~tactically~*~*~ (hiding).
 64046 | Zot:4    | 64046 ||| Stepping ~*~*~tactically~*~*~ (hiding).
 64327 | Zot:4    | 64327 ||| PLANNING SLIME:5
 64327 | Zot:4    | 64327 ||| UPGRADING to +2 pair of boots.
 64337 | Zot:4    | 64337 ||| UPGRADING to +1 hat of Quiet Fog {Will- Regen+
                  | SInv}.
 64781 | Slime:1  | Entered Level 1 of the Pits of Slime
 64788 | Slime:1  | 64788 ||| STAIRDANCE
 64797 | Slime:1  | 64797 ||| STAIRDANCE
 64803 | Slime:1  | Gained mutation: You are very clumsy. (Dex -4) [a shining
                  | eye]
 64807 | Slime:1  | 64807 ||| STAIRDANCE
 64815 | Slime:1  | 64815 ||| STAIRDANCE
 64815 | Slime:1  | Gained mutation: You occasionally lose the ability to drink
                  | potions when taking damage. [a shining eye]
 64818 | Lair:5   | Gained mutation: Your magical capacity is low. (-10% MP) [a
                  | shining eye]
 64820 | Lair:5   | 64820 ||| DRINKING 3 potions of mutation.
 64820 | Lair:5   | Lost mutation: You expend magic power (3 MP) to strengthen
                  | your wands. [potion of mutation]
 64820 | Lair:5   | Lost mutation: You are robust. (+10% HP) [potion of
                  | mutation]
 64820 | Lair:5   | Lost mutation: You are very clumsy. (Dex -4) [potion of
                  | mutation]
 64820 | Lair:5   | Gained mutation: You have a pair of small horns on your
                  | head. [potion of mutation]
 64820 | Lair:5   | Lost mutation: You are clumsy. (Dex -2) [potion of
                  | mutation]
 64821 | Lair:5   | 64821 ||| DRINKING 2 potions of mutation.
 64821 | Lair:5   | Lost mutation: You have a pair of small horns on your head.
                  | [potion of mutation]
 64821 | Lair:5   | Lost mutation: You occasionally lose the ability to drink
                  | potions when taking damage. [potion of mutation]
 64821 | Lair:5   | Lost mutation: Your magical capacity is low. (-10% MP)
                  | [potion of mutation]
 64821 | Lair:5   | Gained mutation: Your flesh is cold resistant. (rC+)
                  | [potion of mutation]
 64821 | Lair:5   | Gained mutation: You are weak. (Str -2) [potion of
                  | mutation]
 64821 | Lair:5   | Lost mutation: Your spells are a little easier to cast, but
                  | a little less powerful. [potion of mutation]
 64835 | Lair:5   | 64835 ||| UPGRADING to +2 helmet of the Kangaroo {rF+++
                  | Int-3 Dex-5 Slay+5}.
 64852 | Slime:1  | Reached XP level 26. HP: 188/188 MP: 30/30
 64858 | Slime:2  | 64858 ||| STAIRDANCE
 64863 | Slime:2  | 64863 ||| STAIRDANCE
 64869 | Slime:1  | Identified the +5 pair of gloves of Ymonliuc {Str+3 Slay+2}
                  | (Okawaru gifted it to you on level 1 of the Pits of Slime)
 64869 | Slime:1  | Received a gift from Okawaru
 64891 | Slime:4  | 64891 ||| STAIRDANCE
 64995 | Slime:4  | 64995 ||| STAIRDANCE
 65004 | Slime:4  | 65004 ||| STAIRDANCE
 65028 | Slime:4  | 65028 ||| STAIRDANCE
 65028 | Slime:4  | Gained mutation: You have a beak for a mouth. [a shining
                  | eye]
 65031 | Slime:3  | Gained mutation: You occasionally lose the ability to drink
                  | potions when taking damage. [a shining eye]
 65033 | Slime:3  | 65033 ||| DRINKING potion of mutation.
 65033 | Slime:3  | Lost mutation: You occasionally lose the ability to drink
                  | potions when taking damage. [potion of mutation]
 65033 | Slime:3  | Lost mutation: You are weak. (Str -2) [potion of mutation]
 65033 | Slime:3  | Gained mutation: You are strong-willed. (Will+) [potion of
                  | mutation]
 65034 | Slime:3  | 65034 ||| DROPPING +2 helmet of the Kangaroo {rF+++ Int-3
                  | Dex-5 Slay+5}.
 65035 | Slime:3  | 65035 ||| UPGRADING to +1 hat of Quiet Fog {Will- Regen+
                  | SInv}.
 65060 | Slime:5  | Entered Level 5 of the Pits of Slime
 65162 | Slime:5  | Noticed the Royal Jelly
 65163 | Slime:5  | 65163 ||| INVOKING Heroism.
 65164 | Slime:5  | 65164 ||| INVOKING Finesse.
 65184 | Slime:5  | 65184 ||| DRINKING 4 potions of cancellation.
 65203 | Slime:5  | Killed the Royal Jelly
 65215 | Slime:5  | Reached skill level 6 in Dodging
 65320 | Slime:5  | Identified the +2 shortbow of the Impish God {heavy, Str+8
                  | Dex+2}
 65338 | Slime:5  | 65338 ||| READING scroll of acquirement.
 65338 | Slime:5  | 65338 ||| ACQUIRING 1241 gold pieces
 65338 | Slime:5  | Acquired 1241 gold pieces
 65350 | Slime:5  | 65350 ||| DROPPING +2 war axe of flaming.
 65364 | Slime:5  | Identified the ring of False Pretenses {rElec rC+ EV+5}
 65515 | Slime:5  | 65515 ||| DROPPING +4 broad axe of flaming.
 65517 | Slime:5  | Got a slimy rune of Zot
 65518 | Slime:5  | Identified the staff of Trial by Ordeal {Str+4 Earth}
 65551 | Slime:5  | Gained mutation: Your movements are slightly less
                  | encumbered by armour. (ER -2) [a shining eye]
 65561 | Slime:5  | Gained mutation: Armour fits poorly on your strangely
                  | shaped body. [a shining eye]
 65869 | Slime:5  | 65869 ||| PLANNING THE SHINING ONE WORSHIP
 65869 | Slime:5  | 65869 ||| DROPPING +6 hand axe "Opylu" {flame, Will+
                  | rCorr}.
 65870 | Slime:5  | 65870 ||| DROPPING +1 pair of boots of stealth.
 65871 | Slime:5  | 65871 ||| DROPPING +0 leather armour of the Maze {-Tele rF+
                  | Regen+ rCorr}.
 65872 | Slime:5  | 65872 ||| DROPPING amulet of magic regeneration.
 65873 | Slime:5  | 65873 ||| DROPPING ring of resist corrosion.
 65874 | Slime:5  | 65874 ||| UPGRADING to ring of False Pretenses {rElec rC+
                  | EV+5}.
 65876 | Slime:5  | 65876 ||| DROPPING ring of protection from cold.
 65877 | Slime:5  | 65877 ||| DROPPING ring of resist corrosion.
 65878 | Slime:5  | 65878 ||| UPGRADING to +5 ring of evasion.
 65880 | Slime:5  | 65880 ||| DROPPING +4 ring of protection.
 66091 | D:5      | 66091 ||| SWAPPING to +4 broad axe of electrocution.
 66092 | D:5      | 66092 ||| READING 6 scrolls of enchant weapon.
 66092 | D:5      | 66092 ||| ENCHANTING +4 broad axe of electrocution.
 66093 | D:5      | 66093 ||| READING 5 scrolls of enchant weapon.
 66093 | D:5      | 66093 ||| ENCHANTING +5 broad axe of electrocution.
 66094 | D:5      | 66094 ||| READING 4 scrolls of enchant weapon.
 66094 | D:5      | 66094 ||| ENCHANTING +6 broad axe of electrocution.
 66095 | D:5      | 66095 ||| DROPPING +2 vampiric war axe.
 66096 | D:5      | 66096 ||| READING 3 scrolls of enchant weapon.
 66096 | D:5      | 66096 ||| ENCHANTING +7 broad axe of electrocution.
 66097 | D:5      | 66097 ||| READING 2 scrolls of enchant weapon.
 66097 | D:5      | 66097 ||| ENCHANTING +8 broad axe of electrocution.
 66098 | D:5      | 66098 ||| DROPPING +9 broad axe of draining.
 66099 | D:5      | 66099 ||| UPGRADING to +5 pair of gloves of Ymonliuc {Str+3
                  | Slay+2}.
 66109 | D:5      | 66109 ||| DROPPING +2 pair of gloves.
 66110 | D:5      | Fell from the grace of Okawaru
 66110 | D:5      | Became a worshipper of the Shining One
 66111 | D:5      | 66111 ||| PLANNING CRYPT
 66392 | Crypt:1  | Entered Level 1 of the Crypt
 66400 | Crypt:1  | Reached * piety under the Shining One
 66424 | Crypt:1  | Reached ** piety under the Shining One
 66544 | Crypt:1  | 66544 ||| Stepping ~*~*~tactically~*~*~ (stealth).
 66545 | Crypt:1  | 66545 ||| Stepping ~*~*~tactically~*~*~ (stealth).
 66547 | Crypt:1  | 66547 ||| Stepping ~*~*~tactically~*~*~ (hiding).
 66548 | Crypt:1  | 66548 ||| Stepping ~*~*~tactically~*~*~ (hiding).
 66616 | Crypt:1  | 66616 ||| READING scroll of enchant armour.
 66616 | Crypt:1  | 66616 ||| ENCHANTING +10 gold dragon scales.
 66628 | Crypt:1  | Found a huge runed gate.
 66628 | Crypt:1  | Found a huge runed gate.
 66628 | Crypt:1  | Found a huge runed gate.
 66628 | Crypt:1  | Found a huge runed gate.
 66628 | Crypt:1  | Found a huge runed gate.
 66628 | Crypt:1  | Found a huge runed gate.
 66628 | Crypt:1  | Found a huge runed gate.
 66628 | Crypt:1  | Found a huge runed gate.
 66633 | Crypt:1  | Found a huge runed gate.
 66633 | Crypt:1  | Found a huge runed gate.
 66633 | Crypt:1  | Found a huge runed gate.
 66633 | Crypt:1  | Found a huge runed gate.
 66633 | Crypt:1  | Found a huge runed gate.
 66634 | Crypt:1  | Found a huge runed gate.
 66635 | Crypt:1  | Found a huge runed gate.
 66636 | Crypt:1  | Found a huge runed gate.
 66637 | Crypt:1  | Found a huge runed gate.
 66645 | Crypt:1  | Found a huge runed gate.
 66645 | Crypt:1  | Found a huge runed gate.
 66645 | Crypt:1  | Found a huge runed gate.
 66645 | Crypt:1  | Found a huge runed gate.
 66645 | Crypt:1  | Found a huge runed gate.
 66645 | Crypt:1  | Found a huge runed gate.
 66646 | Crypt:1  | Found a huge runed gate.
 66672 | Crypt:1  | 66672 ||| DRINKING 25 potions of curing.
 66672 | Crypt:1  | 66672 ||| (to cure confusion)
 66996 | Crypt:1  | Reached *** piety under the Shining One
 67107 | Crypt:1  | Found a huge runed gate.
 67107 | Crypt:1  | Found a huge runed gate.
 67108 | Crypt:1  | Found a huge runed gate.
 67109 | Crypt:1  | Found a huge runed gate.
 67110 | Crypt:1  | Found a huge runed gate.
 67111 | Crypt:1  | Found a huge runed gate.
 67112 | Crypt:1  | Found a huge runed gate.
 67113 | Crypt:1  | Found a huge runed gate.
 67114 | Crypt:1  | Found a huge runed gate.
 67115 | Crypt:1  | Found a huge runed gate.
 67116 | Crypt:1  | Found a huge runed gate.
 67124 | Crypt:1  | Found a huge runed gate.
 67152 | Crypt:1  | 67152 ||| DROPPING +0 pair of boots of Objectivity {rCorr
                  | SInv}.
 67305 | Crypt:2  | Reached **** piety under the Shining One
 67319 | Crypt:2  | 67319 ||| Stepping ~*~*~tactically~*~*~ (hiding).
 67320 | Crypt:2  | 67320 ||| Stepping ~*~*~tactically~*~*~ (hiding).
 67346 | Crypt:2  | Reached skill level 12 in Invocations
 67396 | Crypt:2  | 67396 ||| FLEEEEING.
 67404 | Crypt:2  | Reached ***** piety under the Shining One
 67423 | Crypt:2  | 67423 ||| Stepping ~*~*~tactically~*~*~ (stealth).
 67429 | Crypt:2  | 67429 ||| Stepping ~*~*~tactically~*~*~ (hiding).
 67472 | Crypt:2  | 67472 ||| INVOKING Cleansing Flame.
 67786 | Crypt:3  | Entered Level 3 of the Crypt
 67814 | Crypt:3  | 67814 ||| Stepping ~*~*~tactically~*~*~ (hiding).
 67910 | Crypt:3  | 67910 ||| FLEEEEING.
 67911 | Crypt:3  | 67911 ||| FLEEEEING.
 67912 | Crypt:3  | 67912 ||| FLEEEEING.
 67913 | Crypt:3  | 67913 ||| FLEEEEING.
 67914 | Crypt:3  | 67914 ||| FLEEEEING.
 67915 | Crypt:3  | 67915 ||| FLEEEEING.
 67916 | Crypt:3  | 67916 ||| FLEEEEING.
 67918 | Crypt:3  | 67918 ||| FLEEEEING.
 67919 | Crypt:3  | 67919 ||| FLEEEEING.
 68039 | Crypt:3  | Reached ****** piety under the Shining One
 68061 | Crypt:3  | 68061 ||| INVOKING Brand Weapon With Holy Wrath.
 68061 | Crypt:3  | Identified a +9 broad axe of holy wrath (a +9 broad axe of
                  | electrocution blessed by the Shining One)
 68061 | Crypt:3  | Received a gift from the Shining One
 68154 | Crypt:3  | 68154 ||| INVOKING Cleansing Flame.
 68172 | Crypt:3  | 68172 ||| Stepping ~*~*~tactically~*~*~ (stealth).
 68202 | Crypt:3  | 68202 ||| Stepping ~*~*~tactically~*~*~ (stealth).
 68533 | Crypt:3  | Found a staircase to the Tomb.
 68570 | Crypt:3  | Noticed an ancient lich
 68571 | Crypt:3  | 68571 ||| DROPPING amulet "Guzatuf" {Spirit rPois rN++
                  | Regen+}.
 68657 | Crypt:3  | 68657 ||| PLANNING TOMB
 68700 | Tomb:1   | Entered Level 1 of the Tomb of the Ancients
 68724 | Tomb:1   | Reached skill level 15 in Invocations
 68724 | Tomb:1   | 68724 ||| FLEEEEING.
 68725 | Tomb:1   | 68725 ||| FLEEEEING.
 68726 | Tomb:1   | 68726 ||| FLEEEEING.
 68727 | Tomb:1   | 68727 ||| FLEEEEING.
 68728 | Tomb:1   | 68728 ||| FLEEEEING.
 68729 | Tomb:1   | 68729 ||| FLEEEEING.
 68730 | Tomb:1   | 68730 ||| FLEEEEING.
 68731 | Tomb:1   | 68731 ||| FLEEEEING.
 68877 | Tomb:1   | Paralysed by a sphinx for 2 turns
 68881 | Tomb:1   | 68881 ||| INVOKING Cleansing Flame.
 68882 | Tomb:1   | 68882 ||| INVOKING Cleansing Flame.
 68888 | Tomb:1   | Paralysed by a sphinx for 2 turns
 68899 | Tomb:1   | 68899 ||| INVOKING Summon Divine Warrior.
 68899 | Tomb:1   | HP: 44/189 [black draconian/bolt of lightning[the fury of
                  | Okawaru] (8)]
 68900 | Tomb:1   | 68900 ||| READING 14 scrolls of teleportation.
 68901 | Tomb:1   | 68901 ||| DRINKING potion of heal wounds.
 68902 | Tomb:1   | 68902 ||| READING 13 scrolls of teleportation.
 68902 | Tomb:1   | HP: 20/189 [purple draconian/+0 mace[the fury of Okawaru]
                  | (9)]
 68902 | Tomb:1   | HP: 6/189 [black draconian/bolt of lightning[the fury of
                  | Okawaru] (14)]
 68903 | Tomb:1   | The Shining One protects you from harm!
 68904 | Tomb:1   | Shot with an arrow by a deep elf archer

Levels and vault maps discovered:
D:1:      scummos_arrival_forest, layout_basic, serial_shops,
          nicolae_shop_hallway_plus, grunt_decor_fettered,
          minmay_misc_feat_roman
D:2:      layout_loops_ring, serial_shops, shop, basic_altar,
          basic_ecumenical_altar
D:3:      layout_rooms, lemuel_tele_altar, gammafunk_ghost_arena, serial_shops,
          shop, uniq_grinder
D:4:      layout_loops_cross, minmay_temple_entry_trees, serial_bayou,
          serial_bayou_lagoon_a, serial_bayou_pond_b, serial_bayou_pond_c,
          serial_bayou_ford_a, ebering_ghost_reflecting_pool,
          serial_bayou_pond_a, chequers_serial_rivers_small_b
D:5:      layout_basic, good_gods_temple_1, serial_shops, shop
D:6:      layout_loops_corners, mainiacjoe_overflow_alcove_1,
          jmf_multi_god_temple2, grunt_decor_clamped, supply_closet_lemuel
D:7:      layout_layer_cave, mainiacjoe_overflow_24_doors, uniq_joseph
D:8:      layout_loops_cross, nzn_wu_jian_contemplation,
          hellmonk_lair_entry_icy, corner_web_ring, minmay_circle_x
D:9:      layout_loops_ring, nicolae_sif_muna_condensation, marbit_many_paths,
          david_orc_1_choice, gammafunk_ghost_split, nicolae_diode_stairs
D:10:     layout_basic, grunt_dithmenos_smoke_and_mirrors, tgw_trog,
          lightli_bailey_entry_fortress, minivault_5, minivault_24, uniq_grum
D:11:     nicolae_hexawheel, layout_basic
D:12:     layout_long_grid, enter_trove_1
D:13:     layout_roguey, lemuel_flamethrower_2
D:14:     layout_gridville, grunt_vaults_entry_fortified,
          minmay_statue_crystal_thing
D:15:     grunt_enter_depths_hoard, layout_stronghold, chequers_arboretum
Temple:   chequers_temple_sunken
Lair:1:   dreamdust_labyrinth, layout_chaotic_city, serial_bayou_shore_b
Lair:2:   layout_cave_pods, nicolae_spider_entry_lesser_pyramids,
          beast_lair_carwin_4, grunt_megastairs_2
Lair:3:   layout_cave_pods, shoals_dummy_entry, basic_altar, serial_rivers,
          chequers_serial_rivers_micro_c, chequers_serial_rivers_small_b,
          chequers_serial_rivers_room_a, chequers_serial_rivers_micro_c,
          serial_bayou_pond_c
Lair:4:   layout_regular_city, minmay_shattered_shrine
Lair:5:   evilmike_catoblepas_cave, layout_loops_ring, dpeg_slime_entry_corner,
          gauntlet_entry_generic, lemuel_fruit_tree
Shoals:1: layout_shoals, serial_shops, nicolae_shop_stone, uniq_josephine
Shoals:2: layout_shoals
Shoals:3: layout_shoals, uniq_donald, uniq_ilsuiw
Shoals:4: shoals_end_hangedman, layout_shoals, uniq_mlioglotl, uniq_mara
Spider:1: layout_chambers, special_room [special_room_bee],
          gammafunk_ghost_tricky_traps
Spider:2: nicolae_spider_corner, hellmonk_narrow_tunnel
Spider:3: nicolae_spider_hilbert_zone_1 [nicolae_spider_hilbert_4_sides_1_open,
          nicolae_spider_hilbert_4_sides_1_open,
          nicolae_spider_hilbert_4_sides_1_open,
          nicolae_spider_hilbert_4_sides_1_open,
          nicolae_spider_hilbert_3_sides_1_open,
          nicolae_spider_hilbert_3_sides_1_open,
          nicolae_spider_hilbert_3_sides_1_open,
          nicolae_spider_hilbert_3_sides_1_open,
          nicolae_spider_hilbert_3_sides_1_open,
          nicolae_spider_hilbert_6_sides_1_open,
          nicolae_spider_hilbert_6_sides_1_open,
          nicolae_spider_hilbert_3_sides_1_open,
          nicolae_spider_hilbert_3_sides_1_open,
          nicolae_spider_hilbert_3_sides_1_open,
          nicolae_spider_hilbert_3_sides_1_open,
          nicolae_spider_hilbert_2_sides_1_open], nicolae_spider_cling_halls
Spider:4: johnstein_spider_rune_arachne_lair
Slime:1:  layout_caves
Slime:2:  layout_caves
Slime:3:  layout_caves
Slime:4:  layout_caves
Slime:5
Orc:1:    layout_caves, portal_ice_cave_rime
Orc:2:    st_orc_rangers, layout_caves, serial_shops,
          nicolae_shop_pleasant_corner_grove, nicolae_shop_rolling_square,
          nicolae_shop_industrial_runoff, library_closet
Vaults:1: gammafunk_ghost_smash, nicolae_vaults_shipping_containers_1,
          v_pattern_4, vaults_standard_mumra_lines,
          nicolae_vaults_trapezoid_lopsided_2, v_misc_10,
          nicolae_vaults_more_shelving_2, vaults_room_pools,
          vaults_room_semicircle, nicolae_vaults_heart-shaped_vault,
          layout_vaults_omnicross, serial_shops, nicolae_shop_statue_plus,
          uniq_aizul
Vaults:2: vaults_mumra_hexcomb, v_misc_30, nicolae_vaults_ninety_degrees,
          nicolae_vaults_lopsided_apartments, nicolae_vaults_closet_pinwheel_3,
          v_misc_10, vaults_room_pools, nicolae_vaults_offset_grid_hallway_1,
          nicolae_vaults_little_squares_1, vaults_room_hallway,
          nicolae_vaults_trapezoid_4, nicolae_vaults_meiosis,
          ontoclasm_vaults_loading_screen, nicolae_vaults_circle_grid_b,
          nicolae_vaults_specimen_jars, layout_vaults_maze_bifur
Vaults:3: v_misc_9, nicolae_vaults_border_crossing,
          minmay_crypt_entry_simple_statues, nicolae_vaults_closet_pinwheel_2,
          nicolae_vaults_wine_cellar, grunt_vaults_trifunnel,
          nicolae_vaults_mitosis, ontoclasm_vaults_hangar,
          nicolae_vaults_know_your_exits, layout_vaults_big_room, uniq_sojobo,
          uniq_xtahua
Vaults:4: v_misc_29, v_misc_19, grunt_vaults_hallway_short,
          nicolae_vaults_murderbox, v_misc_25, v_alt_pattern_2,
          vaults_dpeg_ring, vaults_mumra_hex, v_misc_5, nicolae_vaults_theta,
          nicolae_vaults_two_Ls, layout_vaults_omnigrid, serial_shops,
          nicolae_shop_pleasant_corner_grove, uniq_frederick
Vaults:5
Crypt:1:  layout_regular_city, door_vault
Crypt:2:  layout_gridlike, lemuel_freeze_loot_1
Crypt:3:  david_glass_crypt, layout_chaotic_city, tomb_entry_simple_bobbens,
          uniq_josephina
Tomb:1
Depths:1: constructs_gauntlet_mu_hangedman, layout_cave_pools, xom_teletrap_fun,
          pf_coc_iceberg, kennysheep_cross_room, grunt_gozag_breadcrumbs
Depths:2: minmay_the_grid_triangle_9x9_rhombus_full
          [minmay_the_grid_triangle_9x9_tough_junction,
          minmay_the_grid_triangle_9x9_descending_squares,
          minmay_the_grid_triangle_9x9_dagger,
          minmay_the_grid_triangle_9x9_intruding_spiral,
          minmay_the_grid_triangle_9x9_checkered,
          minmay_the_grid_triangle_9x9_warning,
          minmay_the_grid_triangle_9x9_from_above,
          minmay_the_grid_triangle_9x9_prize_schism], layout_honeycomb,
          pf_hell_entry_tar_spiral, nicolae_lava_and_water,
          rand_demon_pan_entry_5, minmay_staircase_bubble, uniq_grunn
Depths:3: minmay_sliced_demisemicircle, layout_gridlike, serial_shops,
          nicolae_shop_behind_doors, nicolae_abyss_entry_one_way_or_another,
          hell_entry, nrook_campfire, serial_bayou_lagoon_b,
          infiniplex_staircase_pool_1
Depths:4: grunt_crosshair, layout_gridville, enter_ziggurat_b, hell_entry,
          nzn_hepliaklqana_mist_gate, serial_bayou_shore_a, uniq_boris,
          uniq_margery, uniq_parghit
Zot:1:    layout_onion_interference
Zot:2:    layout_basic, st_stairs_1, st_small_dragon_hoard_3, grunt_ministairs_4
Zot:3:    layout_gridlike, chequers_guarded_unrand_mask_of_the_dragon,
          grunt_megastairs_1
Zot:4:    layout_basic

Skill      XL: |  1  2  3  4  5  6  7  8  9 10 11 12 13 14 15 16 17 18 19 20 21 22 23 24 25 26 |
---------------+-------------------------------------------------------------------------------+-----
Axes           | 2 3 5 6 7 8 9 11 13 14 16 18 | 18.0
Fighting       | 4 5 7 8 9 10 11 12 13 15 17 19 20 22 23 25 | 25.8
Dodging        | 1 2 3 7 |  7.0
Invocations    | 1 4 6 9 10 15 | 15.6
Throwing       | 1 3 5 6 7 8 9 10 12 13 15 | 15.0
Armour         | 5 6 7 8 9 10 11 12 14 16 18 20 21 22 | 22.0
Shields        | 4 5 6 7 8 12 13 14 15 16 17 20 21 22 | 22.0

Action                     |  1- 3 |  4- 6 |  7- 9 | 10-12 | 13-15 | 16-18 | 19-21 | 22-24 | 25-27 || total
---------------------------+-------+-------+-------+-------+-------+-------+-------+-------+-------++-------
  Melee: War axe           |   139 |    81 |   249 |   321 |       |       |       |       |       ||   790
         Broad axe         |       |       |       |    60 |   690 |  1159 |   983 |  1424 |  1071 ||  5387
         Morningstar       |       |       |       |     4 |    28 |       |       |       |       ||    32
         Peck              |       |       |       |       |       |       |       |       |   195 ||   195
  Throw: Boomerang         |       |    15 |    84 |    83 |    44 |   109 |   122 |    63 |    92 ||   612
         Javelin           |       |       |       |     9 |   189 |   165 |    48 |   100 |   127 ||   638
 Invoke: Heroism           |       |       |    11 |    18 |    29 |    40 |    23 |    38 |    13 ||   172
         Finesse           |       |       |       |     1 |     9 |    10 |     1 |    10 |     2 ||    33
         Cleansing Flame   |       |       |       |       |       |       |       |       |     4 ||     4
         Summon Divine War |       |       |       |       |       |       |       |       |     1 ||     1
         Brand Weapon With |       |       |       |       |       |       |       |       |     1 ||     1
    Use: Scroll            |     6 |     3 |     6 |     6 |    10 |     6 |     7 |     6 |    12 ||    62
         Potion            |       |     1 |     4 |     1 |     4 |     9 |    11 |     3 |     6 ||    39
 Armour: Scale mail        |    69 |    28 |    81 |       |       |       |       |       |       ||   178
         Plate armour      |       |       |   135 |   264 |   389 |   629 |   604 |   570 |       ||  2591
         Gold dragon scale |       |       |       |       |       |       |       |   163 |   622 ||   785
  Dodge: Dodged            |    48 |    41 |   109 |   144 |   294 |   567 |   435 |   481 |   414 ||  2533
  Block: Buckler           |    33 |    13 |    65 |   105 |   105 |       |       |       |       ||   321
         Kite shield       |       |       |       |       |    71 |   636 |   540 |    83 |       ||  1330
         Tower shield      |       |       |       |       |       |       |       |   988 |   931 ||  1919

Table legend:
 A = Non-vault XP
 B = Vault XP
 C = Vault XP percentage of total XP
 D = Non-vault monster count
 E = Vault monster count
 F = Vault count percentage of total count
                 A         B        C        D         E       F
            +---------+---------+-------+---------+---------+-------
      Total |  663433 |  508267 |  43.4 |    1391 |     690 |  33.2
            +---------+---------+-------+---------+---------+-------
        D:1 |      35 |       0 |   0.0 |      22 |       0 |   0.0
        D:2 |      44 |       0 |   0.0 |      16 |       0 |   0.0
        D:3 |     169 |     290 |  63.2 |      25 |       1 |   3.8
        D:4 |     655 |      45 |   6.4 |      22 |       3 |  12.0
        D:5 |     432 |       0 |   0.0 |      12 |       0 |   0.0
        D:6 |     762 |       0 |   0.0 |      12 |       0 |   0.0
        D:7 |    1098 |     439 |  28.6 |      21 |       1 |   4.5
        D:8 |    1843 |    2339 |  55.9 |      30 |      20 |  40.0
        D:9 |    1465 |     803 |  35.4 |      27 |      10 |  27.0
       D:10 |    1914 |     581 |  23.3 |      22 |      15 |  40.5
       D:11 |    2587 |    6556 |  71.7 |      10 |      19 |  65.5
       D:12 |    5144 |       0 |   0.0 |      22 |       0 |   0.0
       D:13 |    6788 |       0 |   0.0 |      16 |       0 |   0.0
       D:14 |   14529 |    5408 |  27.1 |      26 |      10 |  27.8
       D:15 |    7088 |    1757 |  19.9 |      14 |       2 |  12.5
     Lair:1 |    5804 |       0 |   0.0 |      24 |       0 |   0.0
     Lair:2 |   12808 |    2946 |  18.7 |      40 |      14 |  25.9
     Lair:3 |    8494 |       0 |   0.0 |      33 |       0 |   0.0
     Lair:4 |    9033 |    3926 |  30.3 |      31 |       8 |  20.5
     Lair:5 |   12646 |   10978 |  46.5 |      35 |      23 |  39.7
   Shoals:1 |   12035 |    1733 |  12.6 |      22 |       5 |  18.5
   Shoals:2 |   11115 |       0 |   0.0 |      20 |       0 |   0.0
   Shoals:3 |   19570 |    4089 |  17.3 |      38 |       5 |  11.6
   Shoals:4 |   15072 |   22270 |  59.6 |      31 |      31 |  50.0
   Spider:1 |   19734 |    2192 |  10.0 |      50 |      20 |  28.6
   Spider:2 |   16336 |   21635 |  57.0 |      37 |      36 |  49.3
   Spider:3 |    9517 |   11646 |  55.0 |      19 |      17 |  47.2
   Spider:4 |   25582 |   28524 |  52.7 |      52 |      45 |  46.4
    Slime:1 |    4990 |       0 |   0.0 |      10 |       0 |   0.0
    Slime:3 |    3244 |       0 |   0.0 |      11 |       0 |   0.0
    Slime:4 |    2146 |       0 |   0.0 |       2 |       0 |   0.0
    Slime:5 |   13370 |   26195 |  66.2 |      27 |      18 |  40.0
      Orc:1 |    5490 |     749 |  12.0 |      44 |       2 |   4.3
      Orc:2 |    2489 |    5481 |  68.8 |      36 |      43 |  54.4
   Vaults:1 |   25530 |   18693 |  42.3 |      38 |      23 |  37.7
   Vaults:2 |   28759 |   22674 |  44.1 |      35 |      30 |  46.2
   Vaults:3 |   22848 |   41591 |  64.5 |      31 |      50 |  61.7
   Vaults:4 |   17712 |   52325 |  74.7 |      25 |      50 |  66.7
   Vaults:5 |   13278 |   78627 |  85.6 |      20 |      74 |  78.7
    Crypt:1 |   15947 |       0 |   0.0 |      27 |       0 |   0.0
    Crypt:2 |   20246 |       0 |   0.0 |      27 |       0 |   0.0
    Crypt:3 |   34403 |   12461 |  26.6 |      51 |      14 |  21.5
     Tomb:1 |    8181 |    5977 |  42.2 |      14 |       4 |  22.2
   Depths:1 |   38178 |    6538 |  14.6 |      54 |      14 |  20.6
   Depths:2 |   18921 |   29651 |  61.0 |      19 |      22 |  53.7
   Depths:3 |   35926 |   14291 |  28.5 |      46 |       7 |  13.2
   Depths:4 |   21932 |   31261 |  58.8 |      30 |      23 |  43.4
      Zot:1 |    5692 |       0 |   0.0 |       6 |       0 |   0.0
      Zot:2 |   19104 |   19230 |  50.2 |      17 |      11 |  39.3
      Zot:3 |   42890 |    8955 |  17.3 |      33 |       8 |  19.5
      Zot:4 |   24452 |       0 |   0.0 |      23 |       0 |   0.0
    Abyss:2 |   15406 |       0 |   0.0 |      36 |       0 |   0.0
   Gauntlet |       0 |    5411 | 100.0 |       0 |      12 | 100.0
            +---------+---------+-------+---------+---------+-------
